Workbook
Name tematicas_exp_consultor: '[1]CONTROL DE CONDICIONES DE EVALU'!$O$3:$P$9

Sheet RESUMEN HABILITANTES TÉC
A1: MINISTERIO DE MINAS Y ENERGÍA
A2: EVALUACIÓN TÉCNICA
A3: CONCURSO DE MERITOS CM-06-2020
A4: VERIFICACION REQUISITOS HABILITANTES TÉCNICOS
A6: Objeto:
A7: Conceptualización y elaboración de propuesta de lineamientos técnicos de política de buenas prácticas para estandarizar los procesos de la actividad minera relacionados con Presas de relaves y Drenajes Ácidos de acuerdo con las buenas prácticas internacionales
A9: PROPONENTE | B9: DETALLE | C9: 3.4 EXPERIENCIA GENERAL DEL CONSULTOR | D9: 3.5 FORMACIÓN ACADÉMICA Y EXPERIENCIA DEL EQUIPO DE TRABAJO
A10: UT TATAN | B10: NO ANEXÓ INFORMACIÓN | C10: NO PRESENTÓ DOCUMENTOS | D10: NO PRESENTÓ DOCUMENTOS
A11: BETA GROUP SERVICES SAS | B11: NIT. 900883191-1 No. Proponente Cámara de Comercio: 00059219 RL: GARCIA BETANCUR ROBERTO GARCIA BETANCUR JORGE MAURICIO | C11: HABILITA | D11: NO HABILITA
A12: INERCO CONSULTORÍA COLOMBIA LTDA | B12: NIT. 800.247.308-6 No Proponente Cámara de Comercio: 00005153 RL: FERNÁNDEZ BACO LAURA ESCOBAR GAEZ JOSÉ JOAQUIN | C12: HABILITA | D12: NO HABILITA
A13: UNIVERSIDAD NACIONAL DE COLOMBIA | B13: NIT. 899999063-3 No. Proponente Cámara de Comercio:00022912 RL: MONTOYA CASTAÑO DOLLY | C13: HABILITA | D13: HABILITA
A14: ATG LTDA | B14: NIT. 830000728-4 No. Proponente Cámara de Comercio:00016874 RL: JHON MAURICIO ALFONSO RUBIO | C14: HABILITA | D14: HABILITA
A16: EVALUADOR TÉCNICO: Oswald Maya Sánchez - Contratista Ing. Minas y Metalurgia-DME Rafel E. García Olano - Profesional Especializado-DME

Sheet EXPERIENCIA GENERAL
A1: ='RESUMEN HABILITANTES TÉC'!A1 -> MINISTERIO DE MINAS Y ENERGÍA
A2: ='RESUMEN HABILITANTES TÉC'!A3 -> CONCURSO DE MERITOS CM-06-2020
A3: ='RESUMEN HABILITANTES TÉC'!A4 -> VERIFICACION REQUISITOS HABILITANTES TÉCNICOS
A4: ='RESUMEN HABILITANTES TÉC'!C9 -> 3.4 EXPERIENCIA GENERAL DEL CONSULTOR
A6: PROPONENTE | B6: No. | C6: CÓDIGO UNSPSC RELACIONADOS | D6: CONSECUTIVO EN RUP: | E6: ENTIDAD CONTRATANTE O EMPLEADORA | F6: EQUIVALENTE EN SMMLV | G6: % DE HABILITACION | H6: OBSERVACIONES
A7: P1. UT TATAN | B7: 1 | C7: N.R. | D7: N.R. | E7: N,R, | F7: 0 | G7: =F7/395 -> 0 | H7: NO ANEXÓ DOCUMENTOS
B8: TOTAL EXPERIENCIA ACREDITADA (SMMLV) | F8: =F7 -> 0 | G8: =+G7 -> 0 | H8: NO HABILITADO
A9: P2. BETA GROUP SERVICES SAS | B9: 1 | C9: 80101500 80101600 81131500 | D9: 18 | E9: MINISTERIO DE COMERCIO INDUSTRIA Y TURISMO | F9: 3832.04 | G9: =F9/395 -> 9.7013671 | H9: Documentación aportada soporte de la experiencia - ANEXO 9. FORMATO PARA LA PRESENTACION DE LA EXPERIENCIA GENERAL DEL CONSULTOR - HABILITANTE.xls - RUP: Pag.15 DE 23
B10: 2 | C10: 80101500 80101600 81131500 | D10: 17 | E10: MINISTERIO DE COMERCIO INDUSTRIA Y TURISMO | F10: 1545.25 | G10: =F10/395 -> 3.9120253 | H10: Documentación aportada soporte de la experiencia - ANEXO 9. FORMATO PARA LA PRESENTACION DE LA EXPERIENCIA GENERAL DEL CONSULTOR - HABILITANTE.xls - RUP: Pag.14 DE 23
B11: TOTAL EXPERIENCIA ACREDITADA (SMMLV) | F11: =+F9+F10 -> 5377.29 | G11: =+G9+G10 -> 13.613392 | H11: HABILITADO
A12: P3. INERCO COLOMBIA SAS | B12: 1 | C12: 801015 801016 | D12: 271 | E12: SACYR CONSTRUCCIÓN COLOMBIA S.A.S | F12: 4281.87 | G12: =F12/395 -> 10.840177 | H12: Documentación aportada soporte de la experiencia - ANEXO 9. FORMATO PARA LA PRESENTACION DE LA EXPERIENCIA GENERAL DEL CONSULTOR - HABILITANTE.PDF - RUP: Pag.48 DE 86
B13: 2 | C13: 801015 801016 | D13: 228 | E13: INSTITUTO DE HIDROLOGÍA, METEOROLOGÍA Y ESTUDIOS AMBIENTALES - IDEAM | F13: 684.09 | G13: =F13/395 -> 1.7318734 | H13: Documentación aportada soporte de la experiencia - ANEXO 9. FORMATO PARA LA PRESENTACION DE LA EXPERIENCIA GENERAL DEL CONSULTOR - HABILITANTE.PDF - RUP: Pag.41 DE 86
B14: 3 | C14: 801015 801016 | D14: 61 | E14: MINISTERIO DE AMBIENTE, VIVIENDA Y DESARROLLO TERRITORIAL | F14: 357.28 | H14: Documentación aportada soporte de la experiencia - ANEXO 9. FORMATO PARA LA PRESENTACION DE LA EXPERIENCIA GENERAL DEL CONSULTOR - HABILITANTE.PDF - RUP: Pag.15 DE 86 -Solo se tiene en cuenta las 2 primeras experiencias relacionadas
B15: TOTAL EXPERIENCIA ACREDITADA (SMMLV) | F15: =SUM(F12:F14) -> 5323.24 | G15: =SUM(G12:G14) -> 12.572051 | H15: HABILITADO
A16: P4. UNIVERSIDAD NACIONAL DE COLOMBIA | B16: 1 | C16: 801015 - 801016 - - 811315 - | D16: 336 | E16: CONSULTORIA PARA LOS DERECHOS HUMANOS Y EL DESPLAZAMIENTO CODHES | F16: 3139.81 | G16: =F16/332 -> 9.457259 | H16: Documentación aportada soporte de la experiencia - ANEXO 9. FORMATO PARA LA PRESENTACION DE LA EXPERIENCIA GENERAL DEL CONSULTOR - HABILITANTE.PDF - RUP: Pag.67 de 358
B17: 2 | C17: 811315 - 851517 - 931316 | D17: 1026 | E17: INSTITUTO COLOMBIANO DE BIENESTAR FAMILIAR CECILIA DE LA FUENTE DE LLERAS | F17: 1992.75 | H17: Documentación aportada soporte de la experiencia - ANEXO 9. FORMATO PARA LA PRESENTACION DE LA EXPERIENCIA GENERAL DEL CONSULTOR - HABILITANTE.PDF - RUP: Pag.175 de 358 No se relacionan el minimo de 2 codigos solicitados via pliego
B18: 3 | C18: 801015 - 801016 - - 811315 - | D18: 1153 | E18: INSTITUTO DE DESARROLLO URBANO | F18: 1551.95 | G18: =F18/332 -> 4.6745482 | H18: Documentación aportada soporte de la experiencia - ANEXO 9. FORMATO PARA LA PRESENTACION DE LA EXPERIENCIA GENERAL DEL CONSULTOR - HABILITANTE.PDF
B19: TOTAL EXPERIENCIA ACREDITADA (SMMLV) | F19: =SUM(F16:F18) -> 6684.51 | G19: =SUM(G16:G18) -> 14.131807 | H19: HABILITADO
A20: P5. ATG LTDA | B20: 1 | C20: 80101600 81102000 | D20: 176 | E20: EMPRESA NACIONAL MINERA MINERCOL | F20: 1022.21 | G20: =(F20/395) -> 2.5878734 | H20: Documentación aportada soporte de la experiencia - ANEXO 9. EXPERIENCIA GENERAL DEL CONSULTOR . pdf - RUP ATG LTDA: Pag. 26 y 69 . Pdf
B21: 2 | C21: 80101600 81102000 | D21: 53 | E21: ALCALDIA MUNICIPIO DE UNION PANAMERICANA | F21: 342.23 | G21: =(F21/395) -> 0.86640506 | H21: Documentación aportada soporte de la experiencia - ANEXO 9. FORMATO PARA LA PRESENTACION DE LA EXPERIENCIA GENERAL DEL CONSULTOR - HABILITANTE.xls - RUP: Pag.12 y 14
B22: TOTAL EXPERIENCIA ACREDITADA (SMMLV) | F22: =F21+F20 -> 1364.44 | G22: =+G20+G21 -> 3.4542785 | H22: HABILITADO
A26: EVALUADOR TÉCNICO: Oswald Maya Sánchez - Contratista Ing. Minas y Metalurgia-DME Rafel E. García Olano - Profesional Especializado-DME

Sheet REQUISITOS-RH UT TATAN
A1: ='RESUMEN HABILITANTES TÉC'!A1 -> MINISTERIO DE MINAS Y ENERGÍA
A2: ='RESUMEN HABILITANTES TÉC'!A3 -> CONCURSO DE MERITOS CM-06-2020
A3: ='RESUMEN HABILITANTES TÉC'!A4 -> VERIFICACION REQUISITOS HABILITANTES TÉCNICOS
A4: ='RESUMEN HABILITANTES TÉC'!D9 -> 3.5 FORMACIÓN ACADÉMICA Y EXPERIENCIA DEL EQUIPO DE TRABAJO
A6: PROPONENTE | D6: UT TATAN
A7: REQUISITO
A8: ITEM | B8: CANTIDAD | C8: CARGO | D8: FORMACIÓN ACADÉMICA | E8: CÓDIGO CINE | F8: TÍTULO | G8: EXPERIENCIA PROFESIONAL GENERAL Y RELACIONADA
A9: 1 | B9: 1 | C9: Director del Proyecto Dedicación: 50% | D9: Profesional con titulo de postgrado | E9: Para profesional: 655, 656, 665, 666 Para nivel de postgrado: especialización o maestría: 747, 748, 757, 758, 767, 768. Doctorado:844, 854, 864 | F9: Profesión: Ingeniería de minas y metalurgia, ingeniería de minas. Postgrado: En la modalidad de Especialización o Maestría o Doctorado en Gerencia de proyectos o gerencia de operaciones o Ingeniería de Minas o Gerencia de Producción y Operación o gerencia para medio ambiente o administración de empresas o evaluación de proyectos o evaluación y gerencia de proyectos o ingeniería ambiental y energética o evaluación y desarrollo de proyectos o gerencia ambiental o ingeniería de calidad y el comportamiento o Gestión de Proyectos o Gerencia de Proyectos de Ingeniería o Gerencia de Proyectos de Ingeniería. | G9: Experiencia profesional:10 años en el sector minero. Experiencia relacionada mínima de cinco (5) años en Dirección y/o Coordinación y/o Gerente de proyectos para el sector minero, cuyo objeto u obligaciones comprenda la actividad minera del desarrollo y/o implementación de buenas prácticas en la actividad minera y/o mejoramiento de procesos de esta industria y/o desarrollo, optimización y/o garantización de los procesos operativos en el sector minero y/o planeación y/o programación minera y/o técnicas de optimización de producción.
A10: EVALUACIÓN DE CUMPLIMIENTO
A11: ACREDITACIÓN REQUISITOS ACADEMICOS
A12: NOMBRE | F12: CÉDULA DE CIUDADANÍA
A13: TITULO PROFESIONAL | D13: TARJETA PROFESIONAL | F13: FECHA DE EXPEDICIÓN
A14: TITULO POSGRADO | E14: CÓDIGO CINE | F14: N/A
A15: DOCUMENTOS REQUERIDOS COMO SOPORTE | D15: APORTADO | E15: ARCHIVO | F15: OBSERVACIONES
A16: Cédula de ciudadanía | F16: NO ANEXÓ INFORMACIÓN
A17: Diploma de grado profesional o Acta de grado
A18: Diploma especialización
A19: Tarjeta profesional
A20: Carta de compromiso firmada
A21: ACREDITACIÓN EXPERIENCIA GENERAL Y ESPECIFICA
A22: No. | B22: NOMBRE DEL PROYECTO | C22: ENTIDAD CONTRATANTE O EMPLEADORA | D22: CARGO OCUPADO | E22: FUNCIONES DESEMPEÑADAS | G22: FECHA DE INICIO | H22: FECHA DE RETIRO | I22: EXPERIENCIA (Años)
A23: 1
A24: DOCUMENTOS REQUERIDOS COMO SOPORTE | D24: APORTADO | E24: ARCHIVO | F24: OBSERVACIONES
A25: Certificación laboral | F25: NO ANEXO INFORMACIÓN
A26: Registro en Anexo Técnico 10
A27: TIEMPO TOTAL DE EXPERIENCIA ACREDITADA (AÑOS) | E27: =SUM(I23) -> 0 | F27: NO ANEXO INFORMACIÓN
A29: REQUISITO
A30: ITEM | B30: CANTIDAD | C30: CARGO | D30: FORMACIÓN ACADÉMICA | E30: CÓDIGO CINE | F30: TÍTULO | G30: EXPERIENCIA PROFESIONAL GENERAL Y RELACIONADA
A31: 2 | B31: 1 | C31: Profesional en minería Dedicación:100% | D31: Profesional con titulo | E31: Para profesional: 655, 656, 665, 666 Para nivel de postgrado: especialización o maestría: 747, 748, 757, 758, 767, 768. Doctorado:844, 854, 864 | F31: Profesión: Ingeniería de minas y metalurgia o ingeniería de minas o Ingeniería Metalúrgica. | G31: Experiencia profesional: 7 años en el sector minero. Experiencia profesional relacionada mínima de tres (3) años en procesos de presas y relaves y/o desechos minerales asociados a proyectos mineros y/o investigaciones relacionadas con procesos de presas y relaves y/o desechos minerales
A32: EVALUACIÓN DE CUMPLIMIENTO
A33: ACREDITACIÓN REQUISITOS ACADEMICOS
A34: NOMBRE | F34: CÉDULA DE CIUDADANÍA
A35: TITULO PROFESIONAL | C35: INGENIERA MECÁNICA: 29/03/2011 | D35: TARJETA PROFESIONAL | F35: FECHA DE EXPEDICIÓN
A36: TITULO POSGRADO | E36: CÓDIGO CINE | F36: N/A
A37: DOCUMENTOS REQUERIDOS COMO SOPORTE | D37: APORTADO | E37: ARCHIVO | F37: OBSERVACIONES
A38: Cédula de ciudadanía | F38: NO ANEXÓ INFORMACIÓN
A39: Diploma de grado profesional o Acta de grado
A40: Diploma especialización
A41: Tarjeta profesional
A42: Carta de compromiso firmada
A43: ACREDITACIÓN EXPERIENCIA ESPECÍFICA MÍNIMA
A44: No. | B44: NOMBRE DEL PROYECTO | C44: ENTIDAD CONTRATANTE O EMPLEADORA | D44: CARGO OCUPADO | E44: FUNCIONES DESEMPEÑADAS | G44: FECHA DE INICIO | H44: FECHA DE RETIRO | I44: EXPERIENCIA (Años)
A45: 1 | I45: =(H45-G45)/365 -> 0
A46: 2 | I46: =(H46-G46)/365 -> 0
A47: DOCUMENTOS REQUERIDOS COMO SOPORTE | D47: APORTADO | E47: ARCHIVO | F47: OBSERVACIONES
A48: Certificación laboral | F48: NO ANEXÓ INFORMACIÓN
A49: Registro en Anexo Técnico 10
A50: TIEMPO TOTAL DE EXPERIENCIA ACREDITADA (AÑOS) | E50: =SUM(I45:I46) -> 0 | F50: NO ANEXÓ INFORMACIÓN
A52: REQUISITO
A53: ITEM | B53: CANTIDAD | C53: CARGO | D53: FORMACIÓN ACADÉMICA | E53: CÓDIGO CINE | F53: TÍTULO | G53: EXPERIENCIA PROFESIONAL GENERAL Y RELACIONADA
A54: 3 | B54: 1 | C54: Profesional en geología Dedicación:100% | D54: Profesional con titulo | E54: Para profesional: 655, 656, 665, 666 Para nivel de postgrado: especialización o maestría: 747, 748, 757, 758, 767, 768 Doctorado:844, 854, 864. | F54: Profesión: Geología o ingeniería de geología o Ingeniería geológica o ingeniería civil o Ingeniería geotécnica | G54: Experiencia profesional: 5 años en el sector minero. Experiencia mínima de tres (3) años asociados a la aplicación de geotecnia y/o estabilidad de taludes.
A55: EVALUACIÓN DE CUMPLIMIENTO
A56: ACREDITACIÓN REQUISITOS ACADEMICOS
A57: NOMBRE | F57: CÉDULA DE CIUDADANÍA
A58: TITULO PROFESIONAL | C58: INGENIERA MECÁNICA: 29/03/2011 | D58: TARJETA PROFESIONAL | F58: FECHA DE EXPEDICIÓN
A59: TITULO POSGRADO | E59: CÓDIGO CINE | F59: N/A
A60: DOCUMENTOS REQUERIDOS COMO SOPORTE | D60: APORTADO | E60: ARCHIVO | F60: OBSERVACIONES
A61: Cédula de ciudadanía | F61: NO ANEXÓ INFORMACIÓN
A62: Diploma de grado profesional o Acta de grado
A63: Diploma especialización
A64: Tarjeta profesional
A65: Carta de compromiso firmada
A66: ACREDITACIÓN EXPERIENCIA ESPECÍFICA MÍNIMA
A67: No. | B67: NOMBRE DEL PROYECTO | C67: ENTIDAD CONTRATANTE O EMPLEADORA | D67: CARGO OCUPADO | E67: FUNCIONES DESEMPEÑADAS | G67: FECHA DE INICIO | H67: FECHA DE RETIRO | I67: EXPERIENCIA (Años)
A68: 1 | I68: =(H68-G68)/365 -> 0
A69: 2 | I69: =(H69-G69)/365 -> 0
A70: DOCUMENTOS REQUERIDOS COMO SOPORTE | D70: APORTADO | E70: ARCHIVO | F70: OBSERVACIONES
A71: Certificación laboral | F71: NO ANEXÓ INFORMACIÓN
A72: Registro en Anexo Técnico 10
A73: TIEMPO TOTAL DE EXPERIENCIA ACREDITADA (AÑOS) | E73: =SUM(I68:I69) -> 0 | F73: NO ANEXÓ INFORMACIÓN
A75: REQUISITO
A76: ITEM | B76: CANTIDAD | C76: CARGO | D76: FORMACIÓN ACADÉMICA | E76: CÓDIGO CINE | F76: TÍTULO | G76: EXPERIENCIA PROFESIONAL GENERAL Y RELACIONADA
A77: 4 | B77: 1 | C77: Profesional ambiental Dedicación:100% | D77: Profesional con titulo | E77: Para profesional: 655, 656, 665, 666 Para nivel de postgrado: especialización o maestría: 747, 748, 757, 758, 767, 768 Doctorado:844, 854, 864. | F77: Profesión: Ingeniería Ambiental o Ingeniería Química o Ingeniería Sanitaria o Ingeniería Ambiental y Sanitaria,o Ingeniería Ambiental y de Saneamiento | G77: Experiencia profesional: 5 años en el sector minero. Experiencia mínima de tres (3) años en procesos de drenajes ácidos y en disposición de residuos asociados a la actividad minera y/o el manejo de residuos y aguas industriales y/o residuos peligrosos y/o planes de manejo ambiental de proyectos mineros (Incluidos materiales de construcción y cerámicos) y/o evaluación de pasivos ambientales mineros
A78: EVALUACIÓN DE CUMPLIMIENTO
A79: ACREDITACIÓN REQUISITOS ACADEMICOS
A80: NOMBRE | F80: CÉDULA DE CIUDADANÍA
A81: TITULO PROFESIONAL | D81: TARJETA PROFESIONAL | F81: FECHA DE EXPEDICIÓN
A82: TITULO POSGRADO | E82: CÓDIGO CINE | F82: N/A
A83: DOCUMENTOS REQUERIDOS COMO SOPORTE | D83: APORTADO | E83: ARCHIVO | F83: OBSERVACIONES
A84: Cédula de ciudadanía | F84: NO ANEXÓ INFORMACIÓN
A85: Diploma de grado profesional o Acta de grado
A86: Diploma especialización
A87: Tarjeta profesional
A88: Carta de compromiso firmada
A89: ACREDITACIÓN EXPERIENCIA ESPECÍFICA MÍNIMA
A90: No. | B90: NOMBRE DEL PROYECTO | C90: ENTIDAD CONTRATANTE O EMPLEADORA | D90: CARGO OCUPADO | E90: FUNCIONES DESEMPEÑADAS | G90: FECHA DE INICIO | H90: FECHA DE RETIRO | I90: EXPERIENCIA (Años)
A91: 1 | I91: =(H91-G91)/365 -> 0
A92: 2 | I92: =(H92-G92)/365 -> 0
A93: DOCUMENTOS REQUERIDOS COMO SOPORTE | D93: APORTADO | E93: ARCHIVO | F93: OBSERVACIONES
A94: Certificación laboral | F94: NO ANEXÓ INFORMACIÓN
A95: Registro en Anexo Técnico 10
A96: TIEMPO TOTAL DE EXPERIENCIA ACREDITADA (AÑOS) | E96: =SUM(I91:I92) -> 0 | F96: NO ANEXÓ INFORMACIÓN

Sheet REQUISITOS -RH BETA GROUP
A1: ='RESUMEN HABILITANTES TÉC'!A1 -> MINISTERIO DE MINAS Y ENERGÍA
A2: ='RESUMEN HABILITANTES TÉC'!A3 -> CONCURSO DE MERITOS CM-06-2020
A3: ='RESUMEN HABILITANTES TÉC'!A4 -> VERIFICACION REQUISITOS HABILITANTES TÉCNICOS
A4: ='RESUMEN HABILITANTES TÉC'!D9 -> 3.5 FORMACIÓN ACADÉMICA Y EXPERIENCIA DEL EQUIPO DE TRABAJO
A6: PROPONENTE | D6: BETA GROUP SERVICES SAS
A7: REQUISITO
A8: ITEM | B8: CANTIDAD | C8: CARGO | D8: FORMACIÓN ACADÉMICA | E8: CÓDIGO CINE | F8: TÍTULO | G8: EXPERIENCIA PROFESIONAL GENERAL Y RELACIONADA
A9: 1 | B9: 1 | C9: Director del Proyecto Dedicación: 50% | D9: Profesional con titulo de postgrado | E9: Para profesional: 655, 656, 665, 666 Para nivel de postgrado: especialización o maestría: 747, 748, 757, 758, 767, 768. Doctorado:844, 854, 864 | F9: Profesión: Ingeniería de minas y metalurgia, ingeniería de minas. Postgrado: En la modalidad de Especialización o Maestría o Doctorado en Gerencia de proyectos o gerencia de operaciones o Ingeniería de Minas o Gerencia de Producción y Operación o gerencia para medio ambiente o administración de empresas o evaluación de proyectos o evaluación y gerencia de proyectos o ingeniería ambiental y energética o evaluación y desarrollo de proyectos o gerencia ambiental o ingeniería de calidad y el comportamiento o Gestión de Proyectos o Gerencia de Proyectos de Ingeniería o Gerencia de Proyectos de Ingeniería. | G9: Experiencia profesional:10 años en el sector minero. Experiencia relacionada mínima de cinco (5) años en Dirección y/o Coordinación y/o Gerente de proyectos para el sector minero, cuyo objeto u obligaciones comprenda la actividad minera del desarrollo y/o implementación de buenas prácticas en la actividad minera y/o mejoramiento de procesos de esta industria y/o desarrollo, optimización y/o garantización de los procesos operativos en el sector minero y/o planeación y/o programación minera y/o técnicas de optimización de producción.
A10: EVALUACIÓN DE CUMPLIMIENTO
A11: ACREDITACIÓN REQUISITOS ACADEMICOS
A12: NOMBRE | C12: JAVIER ALFONSO NAVARRO PRADO | F12: CÉDULA DE CIUDADANÍA | G12: 88.253.561
A13: TITULO PROFESIONAL | C13: INGENIERO DE MINAS | D13: TARJETA PROFESIONAL | E13: 54218173645NTS | F13: FECHA DE EXPEDICIÓN | G13: 40045
A14: TITULO POSGRADO | C14: ESPECIALISTA GERENCIA DE PROYECTOS | E14: CÓDIGO CINE | F14: N/A
A15: DOCUMENTOS REQUERIDOS COMO SOPORTE | D15: APORTADO | E15: ARCHIVO | F15: OBSERVACIONES
A16: Cédula de ciudadanía | D16: SI | E16: Archivo RAR. Director. PDF | F16: - El recurso humano cumple con los requisitos académicos requeridos dentro del presente proceso.
A17: Diploma de grado profesional o Acta de grado | D17: SI | E17: Archivo RAR. Director. PDF
A18: Diploma especialización | D18: SI | E18: Archivo RAR. Director. PDF
A19: Tarjeta profesional | D19: SI | E19: Archivo RAR. Director. PDF
A20: Carta de compromiso firmada | E20: ARCHIVO RAR DIRECTOR. CARTA AUTORIZACIÓN DIRECTOR | F20: FORMACIÓN ACADÉMICA ACREDITADA
A21: ACREDITACIÓN EXPERIENCIA GENERAL Y ESPECIFICA
A22: No. | B22: NOMBRE DEL PROYECTO | C22: ENTIDAD CONTRATANTE O EMPLEADORA | D22: CARGO OCUPADO | E22: FUNCIONES DESEMPEÑADAS | G22: FECHA DE INICIO | H22: FECHA DE RETIRO | I22: EXPERIENCIA (Años)
A23: 1 | B23: N.R. | C23: COQUECOL S.A. C.I. | D23: ASESOR TÉCNICO DE MINERÍA | E23: EN LA CERTIFICACIÓN NO HAY DESCRIPCIÓN DE ACTIVIDADES | G23: 40544 | H23: 40729
A24: 2 | B24: N.R. | C24: COMPAÑÍA MINERA COLOMBO AMERICANA DE CARBON SAS | D24: GERENTE GENERAL | E24: Dirigir proyectos mineros con el objeto de optimizar y mejorar los procesos de desarrollo y explotación enfocados en la productividad y las utilidades, siendo competitivas en los mercados fluctuantes de la minería. Desarrollar e implementar buenas prácticas de explotación y desarrollo en minería. Optimizar y/o garantizar los procesos operativos y administrativos de la operación minera Mantener los niveles de producción para el cumplimiento de los objetivos de la empresa. | G24: 40738 | H24: 43329 | I24: =(H24-G24)/365 -> 7.0986301
A25: 3 | B25: N.R. | C25: CARBOMAS SAS | D25: GERENTE REGIONAL DE MINERÍA | E25: Planificar y controlar las operaciones de las unidades mineras subterráneas y a superficie con la finalidad de asegurar el cumplimiento de las metas de producción, costos, seguridad y demás. Planificar y controlarel programa de producción de mina, planta y mantenimiento para asegurar el cumplimiento de los objetivos de producción establecidos según los costos presupuestados. Coordinar con el área de geología el plan de eploración a desarrollar. Diseñar e implementar métodos de explotación minera basados en mantener la integridad del resurso humano, los costos, producción, seguridad, logísstica, enfocados al cumplimiento de la productividad y utilidad proyectada. Controlar el cumplimiento del plan anual de seguridad, salud, medio ambiente, responsabilidad social, así como los planes para la gestión del capital humano de la empresa. Diseñar el presupuesto anual de operaciones y el presupiuesto anual de inversiones para asegurar un costo de producción adecuado y realizar las inversiones necesarias que permitan mantener los equipos e infraestructura en condiciones que permitan cumplir los objetivos de producción. | G25: 43346 | H25: 44030 | I25: =(H25-G25)/365 -> 1.8739726
A26: 4 | B26: N.R. | C26: MINEROS DE CUCUNUBÁ P.C.T.A. | D26: JEFE DE OPERACIÓN | E26: EN LA CERTIFICACIÓN NO HAY DESCRIPCIÓN DE ACTIVIDADES | G26: 40045 | H26: 40527
A27: DOCUMENTOS REQUERIDOS COMO SOPORTE | D27: APORTADO | E27: ARCHIVO | F27: OBSERVACIONES
A28: Certificación laboral | D28: SI | E28: ARCHIVO RAR. DIRECTOR. 3.LABORALES | F28: *Faltan las descripciones de las actividades en las certificaciones de la empresa Coquecol S.A. C.I. y de la empresa Mineros de Cucunubá PCTA. *Se tomó la fecha de la tarjeta profesional para el cálculo del tiempo de experiencia general en la empresa Mineros Cucunubá PCTA. *Se tomó la certificación de la empresa Compañía Minera Colombo Americana de Carbón SAS para la experiencia específica. La información allegada, luego de su revisión, NO permite concluir que el profesional cumple con los requisitos establecidos en el pliego en cuanto a la experiencia general solicitada.
A29: Registro en Anexo Técnico 10 | D29: SI | E29: Archivo RAR. Director. PDF: ANEXO FORMACIÓN PROFESIONAL Y EXPERIENCIA DEL EQUIPO DE TRABAJO (REQUISITOS TÉCNICOS DE LA OFERTA - MÍNIMO REQUERIDO)
A30: TIEMPO TOTAL DE EXPERIENCIA ACREDITADA (AÑOS) | F30: NO CUMPLE
A32: REQUISITO
A33: ITEM | B33: CANTIDAD | C33: CARGO | D33: FORMACIÓN ACADÉMICA | E33: CÓDIGO CINE | F33: TÍTULO | G33: EXPERIENCIA PROFESIONAL GENERAL Y RELACIONADA
A34: 2 | B34: 1 | C34: Profesional en minería Dedicación:100% | D34: Profesional con titulo | E34: Para profesional: 655, 656, 665, 666 Para nivel de postgrado: especialización o maestría: 747, 748, 757, 758, 767, 768. Doctorado:844, 854, 864 | F34: Profesión: Ingeniería de minas y metalurgia o ingeniería de minas o Ingeniería Metalúrgica. | G34: Experiencia profesional: 7 años en el sector minero. Experiencia profesional relacionada mínima de tres (3) años en procesos de presas y relaves y/o desechos minerales asociados a proyectos mineros y/o investigaciones relacionadas con procesos de presas y relaves y/o desechos minerales
A35: EVALUACIÓN DE CUMPLIMIENTO
A36: ACREDITACIÓN REQUISITOS ACADEMICOS
A37: NOMBRE | C37: ANDRES ELIAS ALVAREZ BOTERO | F37: CÉDULA DE CIUDADANÍA | G37: 71.779.536
A38: TITULO PROFESIONAL | C38: INGENIERO DE MINAS Y METALURGICA | D38: TARJETA PROFESIONAL | E38: 05256142772ANT | F38: FECHA DE EXPEDICIÓN | G38: 39219
A39: TITULO POSGRADO | E39: CÓDIGO CINE | F39: N/A
A40: DOCUMENTOS REQUERIDOS COMO SOPORTE | D40: APORTADO | E40: ARCHIVO | F40: OBSERVACIONES
A41: Cédula de ciudadanía | D41: SI | E41: ARCHIVO RAR. 2.PROFESIONAL EN MINERÍA. | F41: - El recurso humano cumple con los requisitos académicos requeridos dentro del presente proceso.
A42: Diploma de grado profesional o Acta de grado | D42: SI | E42: ARCHIVO RAR. 2.PROFESIONAL EN MINERÍA.
A43: Tarjeta profesional | D43: SI | E43: ARCHIVO RAR. 2.PROFESIONAL EN MINERÍA.
A44: Carta de compromiso firmada | D44: SI | E44: ARCHIVO RAR. 2.PROFESIONAL EN MINERÍA. | F44: FORMACIÓN ACADÉMICA ACREDITADA
A45: ACREDITACIÓN EXPERIENCIA ESPECÍFICA MÍNIMA
A46: No. | B46: NOMBRE DEL PROYECTO | C46: ENTIDAD CONTRATANTE O EMPLEADORA | D46: CARGO OCUPADO | E46: FUNCIONES DESEMPEÑADAS | G46: FECHA DE INICIO | H46: FECHA DE RETIRO | I46: EXPERIENCIA (Años)
A47: 1 | B47: N.R. | C47: CALINA LTDA | D47: JEFE DE MINAS | E47: EN LA CERTIFICACIÓN NO HAY DESCRIPCIÓN DE ACTIVIDADES | G47: 40102 | H47: 40543
A48: 2 | B48: N.R. | C48: INVERSIONES LUDER SAS | D48: DIRECTOR DE OPERACIONES EN COLOMBIA Y BOLIVIA | E48: Planeamiento Minero, direccipon ambiental, dirección de producción (explotación minera y planta de beneficio), Dirección de presas y relaves asociados a proyectos mineros, ejecución legal, dirección administrativa y financiera, representación gremial de la compañía. | G48: 41121 | H48: 42278 | I48: =(H48-G48)/365 -> 3.169863
A49: 3 | B49: N.R. | C49: FOUR POINTS MINING SAS | D49: GERENTE DE OPERACIONES | E49: Planeamiento Minero, dirección ambiental, dirección de producción (explotación minera y planta de beneficio), dirección del laboratorio de mina, Dirección de presas y relaves asociados a proyectos mineros, dirección administrativa y financiera, ejecución de proyectos mineros, interventor de proyectos mineros, optimización de operaciones mineras, dirección de recursos humanos y seguridad y salud en el trabajo | G49: 42338 | H49: 42795 | I49: =(H49-G49)/365 -> 1.2520548
A50: 4 | B50: N.R. | C50: MICROMINERALES SAS | D50: JEFE DE PLANTA Y MINAS | E50: EN LA CERTIFICACIÓN NO HAY DESCRIPCIÓN DE ACTIVIDADES | G50: 40546 | H50: 41090
A51: 5 | B51: N.R. | C51: PULVERIZAR S.A. | D51: JEFE DE MINERÍA | E51: EN LA CERTIFICACIÓN NO HAY DESCRIPCIÓN DE ACTIVIDADES | G51: 39219 | H51: 39447
A52: DOCUMENTOS REQUERIDOS COMO SOPORTE | D52: APORTADO | E52: ARCHIVO | F52: OBSERVACIONES
A53: Certificación laboral | D53: SI | E53: ARCHIVO RAR. 2.PROFESIONAL EN MINERÍA. | F53: NO anexó las certificaciones con funciones de las empresas Calina Ltda, Microminerales SAS y Pulverizar SA. Se tomó la fecha de la TP para la certificación de la empresa Pulverizar SA. La información allegada, luego de su revisión, NO permite concluir que el profesional cumple con los requisitos establecidos en el pliego en cuanto a formación académica, título académico y experiencia solicitado.
A54: Registro en Anexo Técnico 10 | D54: SI | E54: ANEXO 10. PROFESIONAL Y EXPERIENCIA DEL EQUIPO DE TRABAJO- HABILITANTE
A55: TIEMPO TOTAL DE EXPERIENCIA ACREDITADA (AÑOS) | F55: NO CUMPLE
A57: REQUISITO
A58: ITEM | B58: CANTIDAD | C58: CARGO | D58: FORMACIÓN ACADÉMICA | E58: CÓDIGO CINE | F58: TÍTULO | G58: EXPERIENCIA PROFESIONAL GENERAL Y RELACIONADA
A59: 3 | B59: 1 | C59: Profesional en geología Dedicación:100% | D59: Profesional con titulo | E59: Para profesional: 655, 656, 665, 666 Para nivel de postgrado: especialización o maestría: 747, 748, 757, 758, 767, 768. Doctorado:844, 854, 864 | F59: Profesión: Geología o ingeniería de geología o Ingeniería geológica o ingeniería civil o Ingeniería geotécnica | G59: Experiencia profesional: 5 años en el sector minero. Experiencia mínima de tres (3) años asociados a la aplicación de geotecnia y/o estabilidad de taludes.
A60: EVALUACIÓN DE CUMPLIMIENTO
A61: ACREDITACIÓN REQUISITOS ACADEMICOS
A62: NOMBRE | C62: FABIO ANDRES LOZANO MONTAÑEZ | F62: CÉDULA DE CIUDADANÍA | G62: 74.080.093
A63: TITULO PROFESIONAL | C63: INGENIERO GEOLOGO | D63: TARJETA PROFESIONAL | E63: 15223161402BYC | F63: FECHA DE EXPEDICIÓN | G63: 39779
A64: TITULO POSGRADO | E64: CÓDIGO CINE | F64: N/A
A65: DOCUMENTOS REQUERIDOS COMO SOPORTE | D65: APORTADO | E65: ARCHIVO | F65: OBSERVACIONES
A66: Cédula de ciudadanía | D66: SI | E66: ARCHIVO RAR. 3.PROFESIONAL EN GEOLOGÍA. | F66: - El recurso humano cumple con los requisitos académicos requeridos dentro del presente proceso.
A67: Diploma de grado profesional o Acta de grado | D67: SI | E67: ARCHIVO RAR. 3.PROFESIONAL EN GEOLOGÍA.
A68: Tarjeta profesional | D68: SI | E68: ARCHIVO RAR. 3.PROFESIONAL EN GEOLOGÍA.
A69: Carta de compromiso firmada | D69: SI | E69: ARCHIVO RAR. 3.PROFESIONAL EN GEOLOGÍA. | F69: FORMACIÓN ACADÉMICA ACREDITADA
A70: ACREDITACIÓN EXPERIENCIA ESPECÍFICA MÍNIMA
A71: No. | B71: NOMBRE DEL PROYECTO | C71: ENTIDAD CONTRATANTE O EMPLEADORA | D71: CARGO OCUPADO | E71: FUNCIONES DESEMPEÑADAS | G71: FECHA DE INICIO | H71: FECHA DE RETIRO | I71: EXPERIENCIA (Años)
A72: 1 | B72: N.R. | C72: CARBONES DE LOS ANDES S.A. | D72: INGENIERO GEÓLOGO | E72: Estudios geológicos a detalle en los proyectos de carbón en los municipios Rondón-Boyacá, trabajando con equipos multidiscipliniarios para actividades ambientales y mineras, exploración geologica en Simatoca-Santander y en los proyectos de exploración de metales en los municipios de La Sierra y La Vega en Cauca. | G72: 39779 | H72: 41394 | I72: =(H72-G72)/365 -> 4.4246575
A73: 2 | B73: N.R. | C73: MASTERCAT LTDA | D73: INGENIERO GEÓLOGO GEOTECNISTA | E73: Labores de explotación minera, diseño y análisis de estabilidad de taludes y demás estudios geotécnicos al detalle. | G73: 41491 | H73: 43085 | I73: =(H73-G73)/365 -> 4.3671233
A74: DOCUMENTOS REQUERIDOS COMO SOPORTE | D74: APORTADO | E74: ARCHIVO | F74: OBSERVACIONES
A75: Certificación laboral | D75: SI | E75: ARCHIVO RAR. 3.PROFESIONAL EN GEOLOGÍA. | F75: La información allegada, luego de su revisión, permite concluir que el profesional cumple con los requisitos establecidos en el pliego en cuanto a formación académica, título académico y experiencia solicitado.
A76: Registro en Anexo Técnico 10 | D76: SI | E76: ARCHIVO RAR. 3.PROFESIONAL EN GEOLOGÍA.
A77: TIEMPO TOTAL DE EXPERIENCIA ACREDITADA (AÑOS) | E77: =SUM(I72:I73) -> 8.7917808 | F77: CUMPLE
A79: REQUISITO
A80: ITEM | B80: CANTIDAD | C80: CARGO | D80: FORMACIÓN ACADÉMICA | E80: CÓDIGO CINE | F80: TÍTULO | G80: EXPERIENCIA PROFESIONAL GENERAL Y RELACIONADA
A81: 4 | B81: 1 | C81: Profesional ambiental Dedicación:100% | D81: Profesional con titulo | E81: Para profesional: 655, 656, 665, 666 Para nivel de postgrado: especialización o maestría: 747, 748, 757, 758, 767, 768. Doctorado:844, 854, 864 | F81: Profesión: Ingeniería Ambiental o Ingeniería Química o Ingeniería Sanitaria o Ingeniería Ambiental y Sanitaria,o Ingeniería Ambiental y de Saneamiento | G81: Experiencia profesional: 5 años en el sector minero. Experiencia mínima de tres (3) años en procesos de drenajes ácidos y en disposición de residuos asociados a la actividad minera y/o el manejo de residuos y aguas industriales y/o residuos peligrosos y/o planes de manejo ambiental de proyectos mineros (Incluidos materiales de construcción y cerámicos) y/o evaluación de pasivos ambientales mineros
A82: EVALUACIÓN DE CUMPLIMIENTO
A83: ACREDITACIÓN REQUISITOS ACADEMICOS
A84: NOMBRE | C84: LAURA CRISTINA ORTIZ TOBON | F84: CÉDULA DE CIUDADANÍA | G84: 43.204.597
A85: TITULO PROFESIONAL | C85: INGENIERA AMBIENTAL | D85: TARJETA PROFESIONAL | E85: 05238115366ANT | F85: FECHA DE EXPEDICIÓN | G85: 38400
A86: TITULO POSGRADO | E86: CÓDIGO CINE | F86: N/A
A87: DOCUMENTOS REQUERIDOS COMO SOPORTE | D87: APORTADO | E87: ARCHIVO | F87: OBSERVACIONES
A88: Cédula de ciudadanía | D88: SI | E88: ARCHIVO RAR. 3.PROFESIONAL AMBIENTAL | F88: - El recurso humano cumple con los requisitos académicos requeridos dentro del presente proceso.
A89: Diploma de grado profesional o Acta de grado | D89: SI | E89: ARCHIVO RAR. 3.PROFESIONAL AMBIENTAL
A90: Tarjeta profesional | D90: SI | E90: ARCHIVO RAR. 3.PROFESIONAL AMBIENTAL
A91: Carta de compromiso firmada | D91: SI | E91: ARCHIVO RAR. 3.PROFESIONAL AMBIENTAL | F91: FORMACIÓN ACADÉMICA ACREDITADA
A92: ACREDITACIÓN EXPERIENCIA ESPECÍFICA MÍNIMA
A93: No. | B93: NOMBRE DEL PROYECTO | C93: ENTIDAD CONTRATANTE O EMPLEADORA | D93: CARGO OCUPADO | E93: FUNCIONES DESEMPEÑADAS | G93: FECHA DE INICIO | H93: FECHA DE RETIRO | I93: EXPERIENCIA (Años)
A94: 1 | B94: N.R. | C94: MINEROS S.A. | D94: COORDINADORA PLANES DE MANEJO AMBIENTAL | E94: Modificación del Plan de Manejo Ambiental de la explotación aurífera de la cuenca del Río Nechí en 2014; modificación del Plan de Manejo Ambiental de la central hidroeléctrica Providencia III y su línea de trasnmisión en 2014; Modificación del Plan de Manejo Ambiental de la explotación aurífera de la cuenca del Río Nechí en 2018 | G94: 39472 | H94: 43890
A95: DOCUMENTOS REQUERIDOS COMO SOPORTE | D95: APORTADO | E95: ARCHIVO | F95: OBSERVACIONES
A96: Certificación laboral | D96: SI | E96: ARCHIVO RAR. 3.PROFESIONAL AMBIENTAL | F96: La información allegada, luego de su revisión, NO permite concluir que la profesional cumple con los requisitos establecidos en el pliego en cuanto a la experiencia profesional relacionada solicitada. En la certificación solo aparecen los períodos 2014 y 2018 como relacionados al desarrollo de planes de manejo ambiental en proyectos mineros.
A97: Registro en Anexo Técnico 10 | D97: SI | E97: ARCHIVO RAR. 3.PROFESIONAL AMBIENTAL
A98: TIEMPO TOTAL DE EXPERIENCIA ACREDITADA (AÑOS) | E98: =SUM(I91:I94) -> 0 | F98: NO CUMPLE

Sheet REQUISITOS-RH INERCO
A1: ='RESUMEN HABILITANTES TÉC'!A1 -> MINISTERIO DE MINAS Y ENERGÍA
A2: ='RESUMEN HABILITANTES TÉC'!A3 -> CONCURSO DE MERITOS CM-06-2020
A3: ='RESUMEN HABILITANTES TÉC'!A4 -> VERIFICACION REQUISITOS HABILITANTES TÉCNICOS
A4: ='RESUMEN HABILITANTES TÉC'!D9 -> 3.5 FORMACIÓN ACADÉMICA Y EXPERIENCIA DEL EQUIPO DE TRABAJO
A6: PROPONENTE | D6: INERCO CONSULTORÍA COLOMBIA LTDA
A7: REQUISITO
A8: ITEM | B8: CANTIDAD | C8: CARGO | D8: FORMACIÓN ACADÉMICA | E8: CÓDIGO CINE | F8: TÍTULO | G8: EXPERIENCIA PROFESIONAL GENERAL Y RELACIONADA
A9: 1 | B9: 1 | C9: Director del Proyecto Dedicación: 50% | D9: Profesional con titulo de postgrado | E9: Para profesional: 655, 656, 665, 666 Para nivel de postgrado: especialización o maestría: 747, 748, 757, 758, 767, 768. Doctorado:844, 854, 864 | F9: Profesión: Ingeniería de minas y metalurgia, ingeniería de minas. Postgrado: En la modalidad de Especialización o Maestría o Doctorado en Gerencia de proyectos o gerencia de operaciones o Ingeniería de Minas o Gerencia de Producción y Operación o gerencia para medio ambiente o administración de empresas o evaluación de proyectos o evaluación y gerencia de proyectos o ingeniería ambiental y energética o evaluación y desarrollo de proyectos o gerencia ambiental o ingeniería de calidad y el comportamiento o Gestión de Proyectos o Gerencia de Proyectos de Ingeniería o Gerencia de Proyectos de Ingeniería. | G9: Experiencia profesional:10 años en el sector minero. Experiencia relacionada mínima de cinco (5) años en Dirección y/o Coordinación y/o Gerente de proyectos para el sector minero, cuyo objeto u obligaciones comprenda la actividad minera del desarrollo y/o implementación de buenas prácticas en la actividad minera y/o mejoramiento de procesos de esta industria y/o desarrollo, optimización y/o garantización de los procesos operativos en el sector minero y/o planeación y/o programación minera y/o técnicas de optimización de producción.
A10: EVALUACIÓN DE CUMPLIMIENTO
A11: ACREDITACIÓN REQUISITOS ACADEMICOS
A12: NOMBRE | C12: JAIRO HERRERA ARANGO | F12: CÉDULA DE CIUDADANÍA | G12: 7.556.408
A13: TITULO PROFESIONAL | C13: INGENIERO GEÓLOGO | D13: TARJETA PROFESIONAL | E13: 0522382356ANT | F13: FECHA DE EXPEDICIÓN | G13: 36794
A14: TITULO POSGRADO | C14: ESPECIALIZACIÓN EN DERECHO MINERO ENERGÉTICO- MAGÍSTER EN APROVECHAMIENTO DE LOS RECURSOS HIDRÁULICOS | E14: CÓDIGO CINE | F14: N/A
A15: DOCUMENTOS REQUERIDOS COMO SOPORTE | D15: APORTADO | E15: ARCHIVO | F15: OBSERVACIONES
A16: Cédula de ciudadanía | D16: SI | E16: ARCHIVO PDF:ANEXO 10. EQUIPO DE TRABAJO 1-2 | F16: - El recurso humano NO cumple con los requisitos académicos requeridos (titulos de pregrado y posgrado) dentro del presente proceso para el cargo de Director de Proyecto.
A17: Diploma de grado profesional o Acta de grado | D17: SI | E17: ARCHIVO PDF:ANEXO 10. EQUIPO DE TRABAJO 1-2
A18: Diploma especialización | D18: SI | E18: ARCHIVO PDF:ANEXO 10. EQUIPO DE TRABAJO 1-2
A19: Tarjeta profesional | D19: SI | E19: ARCHIVO PDF:ANEXO 10. EQUIPO DE TRABAJO 1-2
A20: Carta de compromiso firmada | D20: SI | E20: ARCHIVO PDF:ANEXO 10. EQUIPO DE TRABAJO 1-2 | F20: NO CUMPLE
A21: ACREDITACIÓN EXPERIENCIA GENERAL Y ESPECIFICA
A22: No. | B22: NOMBRE DEL PROYECTO | C22: ENTIDAD CONTRATANTE O EMPLEADORA | D22: CARGO OCUPADO | E22: FUNCIONES DESEMPEÑADAS | G22: FECHA DE INICIO | H22: FECHA DE RETIRO | I22: EXPERIENCIA (Años)
A23: 1 | B23: Asesoría para definir una estrategia ambiental corporativa conceptual para la gestión corporativa de Cerrejón a un horizonte de 5 años. | C23: INERCO Consultoría Colombia Ltda. | D23: Experto en Minería | E23: Recopilación de información Identificación preliminar de los factores claves asociados a varios sistemas de gestión Síntesis de los factores clave Realización de entrevistas Diseño y ejecución del taller interno de revisión preliminar de factores clave Estructuración de la propuesta ambiental corporativa Entrega de memorias | G23: 43347 | H23: 43406 | I23: =(H23-G23)/365 -> 0.16164384
A24: =A23+1 -> 2 | B24: Estudio que permita determinar los efectos causados por la minería de oro y carbón en la disponibilidad del recurso hídrico, así como la distribución de las trazas de mercurio relacionadas con la minería aurífera dentro de los departamentos priorizados. | C24: UNIVERSIDAD DE CÓRDOBA | D24: Ingeniero Consultor | E24: Captura de información primaria para el análisis de la estructura de demanda de recurso hídrico en minas asignadas en el proyecto. Aplicación de instrumentos de captura de información de procesos mineros. Recopilación de información secundaria para la recomendación de tecnologías alternativas para minimizar el uso del recurso hídrico en las explotaciones auríferas. Evaluación de impacto ambiental en minería aurífera de pequeña escala. | G24: 42340 | H24: 42522
A25: =A24+1 -> 3 | B25: Incidencia real de la minería del carbón, del oro y del uso de mercurio en la calidad ambiental con énfasis especial en el recurso hídrico - Diseño de herramientas para la planeación sectorial, que busca una evaluación preliminar en campo sobre la cantidad y calidad del recurso hídrico en el sector minero en aras de establecer estrategias para el aprovechamiento en | C25: UNIVERSIDAD DE CÓRDOBA | D25: COORDINADOR TÉCNICO | E25: Captura de información primaria sobre ubicación de procesos mineros y uso del recurso hídrico en éstos Caracterización de los procesos mineros de más minas visitadas Diseñar una propuesta de guía de orientación para el minero sobre el correcto manejo de vertimientos y la aplicación de acciones en los procesos mineros orientada a facilitar el cumplimiento de la normatividad relacionada con los límites permisibles de vertimientos para la minería de metales preciosos y de carbón. | G25: 42156 | H25: 42339
A26: =A25+1 -> 4 | B26: Implementación del mapa de ruta para adaptación del sector energético al cambio climático. | C26: INERCO Consultoría Colombia Ltda. | D26: Especialista en minería | E26: Prestación de servicios profesionales, desempeñando el cargo de especialista en minería para el proyecto "Implementación del mapa de ruta para adaptación del sector energético al cambio climático (incluyendo el uso de la herramienta de servicios ecosistémicos) e identificación de factores de vulnerabilidad del sector minero y de líneas gruesas de medidas de adaptación". | G26: 42195 | H26: 42365
A27: =A26+1 -> 5 | B27: Elaboración de un estudio que permita determinar los efectos causados por la minería de oro y carbón, así como la distribución espacial de las trazas de mercurio relacionadas con la minería aurífera dentro de los departamentos priorizados, con el fin de generar instrumentos técnicos encaminados a orientar el uso eficiente del agua y promover el cumplimiento de la normatividad ambiental aplicable. | C27: UNIVERSIDAD DE CÓRDOBA | D27: Ingeniero Geólogo-Especialista en minería | E27: Diseño y coordinación del documento para la gestión nacional de vertimientos mineros; análisis estadístico y coordinación para elaboración del documento sobre la estimación de la demanda hídrica minera nacional; actividades de campo. | G27: 42125 | H27: 42339
A28: =A27+1 -> 6 | B28: Consultoría para desarrollar el proceso participativo de formulación de la Política Pública de sostenibilidad del sector minero energético de Colombia y las herramientas asociadas, considerando los tres ejes temáticos de la sostenibilidad: el social, el ambiental y el económico. | C28: UT Ambiental Consultores-Economía Urbana | D28: Contratista | E28: Participar en los talleres de discusión de los productos. Asistir a las reuniones asignadas. Búsqueda y sistematización de información relacionada con los productos asignados. Preparar diapositivas de presentación según sea la indicación de la dirección general. Articular y apoyar a los expertos ambientales y sociales en las particularidades que surjan del análisis de los temas claves. Productos: Documento de justificación temas claves minería-hidrocarburos Documento análisis del inventario PPP (temas sociales) que debe exponer la línea histórica, los hitos y resultados principales obtenidos, así como el área responsable de su ejecución Documento en lo relacionado a las líneas estratégicas minero-energéticas Documento diagnóstico de referencia para la Política de Sostenibilidad del Sector Documento marco de Sostenibilidad Documento estratégico de la Política de Sostenibilidad Documento proyecto acto administrativo Documento modelo de la gestión institucional | G28: 41954 | H28: 42031 | I28: =(H28-G28)/365 -> 0.2109589
A29: =A28+1 -> 7 | B29: Estudio de la cadena del mercurio en Colombia con énfasis en la actividad minera de oro, realizado para la Unidad de Planeación Minero Energética –UPME y el Ministerio de Minas y Energía. | C29: UNIVERSIDAD DE CÓRDOBA | D29: Ingeniero Geólogo-Especialista en minería | E29: Estudio del mercado global de mercurio (producción, consumo y rutas); análisis de normas y estrategias sobre mercurio en los países con mayor producción y consumo; documento de planificación estratégica basada en análisis DOFA y matriz de impactos ambientales. | G29: 41800 | H29: 41983
A30: =A29+1 -> 8 | B30: Estructurar y elaborar el documento final del Plan Nacional de Desarrollo Minero 2011 -2014, base en los documentos obtenidos hasta el momento y que reflejan los diferentes puntos de vista de los diferentes actores inmersos en el sector minero nacional. | C30: UPME | D30: Contratista | E30: No hay descripción de actividades en la certificación | G30: 40812 | H30: 40892
A31: =A30+1 -> 9 | B31: Gerente de exploración para Alkshire S.A. Sucursal Colombia | C31: Alkshire S.A. | D31: GERENTE DE EXPLORACIÓN | E31: No hay descripción de actividades en la certificación | G31: 40735 | H31: 41354
A32: =A31+1 -> 10 | B32: Gerente de Geología | C32: Trident Gold S.A.S | D32: GERENTE DE GEOLOGÍA | E32: No hay descripción de actividades en la certificación | G32: 40338 | H32: 40725
A33: =A32+1 -> 11 | B33: Exploración geológica para barita, carbón y oro, en diferentes partes del país. | C33: Sikuri Minerals SAS | D33: Ingeniero Geólogo | E33: Exploración Geológica para barita, carbón y oro en diferentes partes del país. | G33: 40252 | H33: 40351 | I33: =(H33-G33)/365 -> 0.27123288
A34: =A33+1 -> 12 | B34: Estudio de prospección esmeraldifera en el contrato de concesión G16-121. | C34: Concesión Minera G16121-Jairo Herrrera Arango | D34: Ingeniero Geólogo | E34: Estudio de prospección esmeraldífera en el contrato de concesión. Elaboración de los documentos Plan de Trabajo y Obras-PTO y Estudio de Impacto Ambiental para el desarrollo de un proyecto esmeraaldífera correspondiente al área del contrato de concesión. | G34: 39814 | H34: 39933 | I34: =(H34-G34)/365 -> 0.3260274
A35: =A34+1 -> 13 | B35: Portal de información minera de Colombia - IMCPortal | C35: Información Minera de Colombia - IMC | D35: GERENTE | E35: Evaluación de la calidad y la veracidad de la información minera publicada semanalmente en nuestro portal www.imcportal.como Investigador principal en evaluación y valoración técnica y económica de la minería nacional y de proyectos en particular para los clientes de IMCPortal entre los que se cuentan Fundación para el Desarrollo del Quindío –FDQ-, Ministerio de Minas y Energía, Latam Mining Energy, Sikuri Mining, Mining Operator Partners, Trident Gold Corp, Zamin Group, Andi-Asomineros, Orica Mining, entre otros.Representar a IMCPortal con presentaciones sobre la actualidad minera nacional en eventos nacionales e internacionales entre los que se cuentan Argentina Mining–Buenos Aires, Elecgas –Santiago de Chile y Media Summit Metals & Mining – Essen, Alemania. | G35: 39295 | H35: 41369 | I35: =(H35-G35)/365 -> 5.6821918
A36: =A35+1 -> 14 | B36: Exploración geológica de áreas con potencial carbonero y aurífero para opción de compra. | C36: Mining Latam Energy | D36: GERENTE | E36: Exploración geológica de áreas con potencial carbonero y aurífero para opción de compra | G36: 39278 | H36: 40026 | I36: =(H36-G36)/365 -> 2.0493151
A37: =A36+1 -> 15 | B37: Plan conceptual de rehabilitación ambiental para el proyecto Cerrejón | C37: Integral Ingenieros Consultores | D37: Ingeniero Geólogo | E37: Responsable de la conformación de los botaderos y retrollenados y las correspondientes programaciones, avances anuales y quincenales para el plan conceptual de rehabilitación ambiental para el proyecto Cerrejón a 28 Mtpa con horizonte al 2033. | G37: 37869 | H37: 37959 | I37: =(H37-G37)/365 -> 0.24657534
A38: =A37+1 -> 16 | B38: Direccionamiento estratégico de la entidad y la planeación de los sectores de minas y energía de Colombia | C38: UPME | D38: Subdirector de planeación minera; Director General Encargado | E38: Subdirector de planeación minera. Prestación de servicios profesionales para: i) apoyar al superior inmediato en la definición de políticas y planes del área; ii) participar en el desarrollo de las actividades propuestas de los procesos planificador y de presupuesto; dirigir y coordinar el personal a su cargo; iv) Preparar y presentar los informes que le sean encomendados; v) Asistir a reuniones del sector minero energético. Actividades: Área de Planeación Minera Asesorar al Director General en todas las actividades requeridas para la fijación de políticas generales de la institución y aquellas relacionadas con la planeación minera. Elaborar y actualizar el Plan Minero Nacional de Desarrollo Minero en concordancia con el Plan Nacional de Desarrollo, la política macroeconómica del Gobierno Nacional y con las prioridades establecidas por el Ministerio de Minas y Energía para el sector. Coordinar la elaboración de estudios y recomendaciones que permitan la formulación de programas y proyectos de desarrollo del sector minero nacional, con sujeción a las directrices que imparta el Gobierno Nacional. | G38: 38069 | H38: 39277 | I38: =(H38-G38)/365 -> 3.309589
A39: DOCUMENTOS REQUERIDOS COMO SOPORTE | D39: APORTADO | E39: ARCHIVO | F39: OBSERVACIONES
A40: Certificación laboral | D40: SI | E40: ARCHIVO PDF:ANEXO 10. EQUIPO DE TRABAJO 1-2 | F40: La información dada en el Anexo 10 para habiltar la experiencia correspondiente a la Universidad de Córdoba y de la empresa INERCO no se tiene en cuenta debido a que no aportó la certificación solicitada. Hay certificaciones que NO tienen funciones. La información allegada, luego de su revisión, permite concluir que el profesional NO cumple con los requisitos establecidos en el pliego en cuanto a formación académica, título académico solicitado para el cargo de Director de Proyecto.
A41: Registro en Anexo Técnico 10 | D41: SI | E41: ARCHIVO PDF:ANEXO 10. EQUIPO DE TRABAJO 1-2. ANEXO10 FORMACIÓN PROFESIONAL Y EXPERIENCIA DEL EQUIPO DE TRABAJO (REQUISITOS TÉCNICOS DE LA OFERTA - MÍNIMO REQUERIDO)
A42: TIEMPO TOTAL DE EXPERIENCIA ACREDITADA (AÑOS) | F42: NO CUMPLE
A44: REQUISITO
A45: ITEM | B45: CANTIDAD | C45: CARGO | D45: FORMACIÓN ACADÉMICA | E45: CÓDIGO CINE | F45: TÍTULO | G45: EXPERIENCIA PROFESIONAL GENERAL Y RELACIONADA
A46: 2 | B46: 1 | C46: Profesional en minería Dedicación:100% | D46: Profesional con titulo | E46: Para profesional: 655, 656, 665, 666 Para nivel de postgrado: especialización o maestría: 747, 748, 757, 758, 767, 768. Doctorado:844, 854, 864 | F46: Profesión: Ingeniería de minas y metalurgia o ingeniería de minas o Ingeniería Metalúrgica. | G46: Experiencia profesional: 7 años en el sector minero. Experiencia profesional relacionada mínima de tres (3) años en procesos de presas y relaves y/o desechos minerales asociados a proyectos mineros y/o investigaciones relacionadas con procesos de presas y relaves y/o desechos minerales
A47: EVALUACIÓN DE CUMPLIMIENTO
A48: ACREDITACIÓN REQUISITOS ACADEMICOS
A49: NOMBRE | C49: ALBERTO ALEXANDER MORA BAYTER | F49: CÉDULA DE CIUDADANÍA | G49: 1.057.587.772
A50: TITULO PROFESIONAL | C50: INGENIERO DE MINAS | D50: TARJETA PROFESIONAL | E50: 15217-245306BYC | F50: FECHA DE EXPEDICIÓN | G50: 41319
A51: TITULO POSGRADO | E51: CÓDIGO CINE | F51: N/A
A52: DOCUMENTOS REQUERIDOS COMO SOPORTE | D52: APORTADO | E52: ARCHIVO | F52: OBSERVACIONES
A53: Cédula de ciudadanía | D53: SI | E53: ARCHIVO PDF:ANEXO 10. EQUIPO DE TRABAJO 1-2. página 70 | F53: - El recurso humano cumple con los requisitos académicos requeridos dentro del presente proceso.
A54: Diploma de grado profesional o Acta de grado | D54: SI | E54: ARCHIVO PDF:ANEXO 10. EQUIPO DE TRABAJO 1-2. Página 59
A55: Tarjeta profesional | D55: SI | E55: ARCHIVO PDF:ANEXO 10. EQUIPO DE TRABAJO 1-2. Página 71
A56: Carta de compromiso firmada | D56: SI | E56: ARCHIVO PDF:ANEXO 10. EQUIPO DE TRABAJO 1-2. ANEXO11, página 57 | F56: FORMACIÓN ACADÉMICA ACREDITADA
A57: ACREDITACIÓN EXPERIENCIA ESPECÍFICA MÍNIMA
A58: No. | B58: NOMBRE DEL PROYECTO | C58: ENTIDAD CONTRATANTE O EMPLEADORA | D58: CARGO OCUPADO | E58: FUNCIONES DESEMPEÑADAS | G58: FECHA DE INICIO | H58: FECHA DE RETIRO | I58: EXPERIENCIA (Años)
A59: 1 | C59: Ingeniería y Minería de Occidente S.A. - INGEOCC S.A. | D59: Jefe Minería y Medio Ambiente | E59: Diseñar y actualizar desde el punto de vista minero ambiental contempladas en los planes minero y ambientales de cada título minero,ejecutar los planes de manejo ambiental en operación y clausura de los botaderos y manejo de los residuos mineros, revisar y optimizar los diseños de los planes de explotación y de botaderos, evaluar los recursos mineros y viabilidad ambiental de los títuos mineros. | G59: 42248 | H59: 44028 | I59: =(H59-G59)/365 -> 4.8767123
A60: 2 | C60: Tropical Ingeniería y Consultoría Ltda. | D60: Ingeniero de Minas | E60: PTO Guaduero, PTO Medina (Villavicencio), PTO Zipaquirá - Áreas especiales (ARE) con la ANM - ARE Remedios (oro), ARE Venecia (Carbón), ARE San Jose de Miranda (Material de construcción) | G60: 42107 | H60: 42247 | I60: =(H60-G60)/365 -> 0.38356164
A61: 3 | C61: Bioexplora S.A | D61: Ingeniero de Minas | E61: Ingeniero de minas para los diferentes títulos mineros contratados para el proyecto minero Minas El Vapor en el municipio de Puerto Berrío en el departamento de Antioquia. Además, participó en la elaboración de programas de trabajos y obras (PTO) de varios títulos mineros contratados en el municipio de Girardor, Santa Bárbara y Olaya en el departamento de Antioquia. | G61: 41547 | H61: 41821 | I61: =(H61-G61)/365 -> 0.75068493
A62: 4 | C62: S.I.C SOLUCIONES INTEGRALES DE COLOMBIA | D62: Ingeniero de Minas | E62: Realización del componente minero y compilación de planes de trabajo y obras (PTO) de los títulos mineros y el poligono del contrato de operación del título minero en la vereda de Cañitas. | G62: 41883 | H62: 41943 | I62: =(H62-G62)/365 -> 0.16438356
A63: 5 | C63: UNIMSALUD SAS | D63: Asesor de campo | E63: Asesor en el programa de intervención de seguridad minera en el departamento de Antioquia | G63: 41517 | H63: 41546 | I63: =(H63-G63)/365 -> 0.079452055
A64: DOCUMENTOS REQUERIDOS COMO SOPORTE | D64: APORTADO | E64: ARCHIVO | F64: OBSERVACIONES
A65: Certificación laboral | D65: SI | E65: ARCHIVO PDF:ANEXO 10. EQUIPO DE TRABAJO 1-2. Página 72 - 82 | F65: Se tomó el tiempo de la empresa INGEOC hasta el día de la certificación. Los tiempos de las certificaciones de las empresas INGEOC y Tropical Ingeniería y Consutoría Ltda se traslapan en las fechas, disminuyendo el tiempo certificado por Tropical y Consultoría Ltda. Los tiempos de las certificaciones de las empresas Bioexplora SA y UNIMSALUD SAS se traslapan en las fechas, disminuyendo el tiempo certificado por UNIMSALUD SAS. La información allegada, luego de su revisión, permite concluir que el profesional NO cumple con los requisitos establecidos en el pliego en cuanto a experiencia solicitada.
A66: Registro en Anexo Técnico 10 | D66: SI | E66: ARCHIVO PDF:ANEXO 10. EQUIPO DE TRABAJO 1-2. ANEXO10 FORMACIÓN PROFESIONAL Y EXPERIENCIA DEL EQUIPO DE TRABAJO (REQUISITOS TÉCNICOS DE LA OFERTA - MÍNIMO REQUERIDO), página 56.
A67: TIEMPO TOTAL DE EXPERIENCIA ACREDITADA (AÑOS) | F67: NO CUMPLE
A69: REQUISITO
A70: ITEM | B70: CANTIDAD | C70: CARGO | D70: FORMACIÓN ACADÉMICA | E70: CÓDIGO CINE | F70: TÍTULO | G70: EXPERIENCIA PROFESIONAL GENERAL Y RELACIONADA
A71: 3 | B71: 1 | C71: Profesional en geología Dedicación:100% | D71: Profesional con titulo | E71: Para profesional: 655, 656, 665, 666 Para nivel de postgrado: especialización o maestría: 747, 748, 757, 758, 767, 768 Doctorado:844, 854, 864. | F71: Profesión: Geología o ingeniería de geología o Ingeniería geológica o ingeniería civil o Ingeniería geotécnica | G71: Experiencia profesional: 5 años en el sector minero. Experiencia mínima de tres (3) años asociados a la aplicación de geotecnia y/o estabilidad de taludes.
A72: EVALUACIÓN DE CUMPLIMIENTO
A73: ACREDITACIÓN REQUISITOS ACADEMICOS
A74: NOMBRE | C74: Carlos Humberto Vargas Rubio | F74: CÉDULA DE CIUDADANÍA | G74: 79.361.353
A75: TITULO PROFESIONAL | C75: Geólogo | D75: TARJETA PROFESIONAL | E75: 849 | F75: FECHA DE EXPEDICIÓN | G75: 33213
A76: TITULO POSGRADO | E76: CÓDIGO CINE | F76: N/A
A77: DOCUMENTOS REQUERIDOS COMO SOPORTE | D77: APORTADO | E77: ARCHIVO | F77: OBSERVACIONES
A78: Cédula de ciudadanía | D78: SI | E78: ARCHIVO PDF:ANEXO 10. EQUIPO DE TRABAJO 3-4; PÁGINA 5 | F78: - El recurso humano cumple con los requisitos académicos requeridos dentro del presente proceso.
A79: Diploma de grado profesional o Acta de grado | D79: SI | E79: ARCHIVO PDF:ANEXO 10. EQUIPO DE TRABAJO 3-4; PÁGINA 7
A80: Tarjeta profesional | E80: ARCHIVO PDF:ANEXO 10. EQUIPO DE TRABAJO 3-4: PÁGINA 6
A81: Carta de compromiso firmada | D81: SI | E81: ARCHIVO PDF:ANEXO 10. EQUIPO DE TRABAJO 3-4; página 4 Anexo 11 | F81: FORMACIÓN ACADÉMICA ACREDITADA
A82: ACREDITACIÓN EXPERIENCIA ESPECÍFICA MÍNIMA
A83: No. | B83: NOMBRE DEL PROYECTO | C83: ENTIDAD CONTRATANTE O EMPLEADORA | D83: CARGO OCUPADO | E83: FUNCIONES DESEMPEÑADAS | G83: FECHA DE INICIO | H83: FECHA DE RETIRO | I83: EXPERIENCIA (Años)
A84: 1 | B84: Estudio de Factibilidad Técnica, Social y Ambiental para un Acueducto Regional del Río Cauca en los Municipios de Cali y Jamundí. | C84: Consorcio Valle del Cauca | D84: Especialista en Geología | E84: Analizar la información de los mapas geológicos disponibles y memorias explicativas de la zona del proyecto a fin de complementar, con información primaria, la zonificación geológica de la fase de prefactibilidad, de manera que se cuente con los criterios necesarios para la toma de decisiones en el diseño de las obras. - Desarrollar un programa de investigaciones geológicas y geomorfológicas a partir de la información existente, para contar con la información necesaria para la toma de decisiones geotécnicas en el diseño de las obras a nivel de factibilidad - Determinar las características geológicas y geomorfológicas de los sitios en los que se ubican obras de infraestructura (bocatoma, desarenador, conducción, PTAP, etc.). - Estudiar las características morfodinámicas del río Cauca en la zona de ubicación de obras del proyecto, con el fin de prever respuestas del río ante la captación de caudal de tal forma que los que estén a cargo en el estudio puedan proponer las obras de protección necesarias y otras medidas requeridas - Estudiar con detalle los posibles procesos morfodinámicos, su recurrencia histórica, factores de activación, afectaciones producidas y medidas de mitigación conceptuales, en el caso de que apliquen para la zona de estudio. - Determinar si, con la morfodinámica del cauce en el sitio de intervención, las obras civiles propuestas por el equipo de ingeniería del proyecto ofrecen la estabilidad requerida para su funcionamiento futuro - Emplear los resultados de la investigación del subsuelo del estudio de geotecnia del proyecto (mediante apiques, perforaciones con barreno manual, taladros mecánicos, de precisión y rotación) en el análisis del componente geológico | G84: 43222 | H84: 43404 | I84: =(H84-G84)/365 -> 0.49863014
A85: =A84+1 -> 2 | B85: Revisión retroactiva del Plan de Manejo Ambiental de Carbones del Cerrejón Ltda. | C85: INERCO Consultoría Colombia Ltda. | D85: Especialista geofísico | E85: Liderar las actividades del análisis multitemporal sobre el eje temático de ocupación del territorio, que den cuenta del cambio ambiental en el área de influencia. - Evaluar la efectividad, desde el componente geológico y geomorfológico, de la implementación de cada una de las medidas de prevención, mitigación, corrección y compensación que se presentan en el Plan de Manejo Integrado y acogidas por la Autoridad Ambiental. | G85: 42928 | H85: 43053 | I85: =(H85-G85)/365 -> 0.34246575
A86: =A85+1 -> 3 | B86: Título minero 082-68 localizado en la vereda Chinavega, de la Inspección de Policía de Pescadero (Santander) | C86: Concretos ARGOS S.A. | D86: Prestación de Servicios | E86: No describen las actividades realizadas | G86: 42772 | H86: 42863
A87: =A86+1 -> 4 | B87: Explotación de Áridos de Antioquia (Girardota) | C87: Concretos ARGOS S.A. | D87: Prestación de Servicios | E87: No describen las actividades realizadas | G87: 42677 | H87: 42709
A88: =A87+1 -> 5 | B88: Estudios ambientales, concept study /PFS Report, línea base y estudios de impacto ambiental | C88: Anglogold Ashanti S.A | D88: Gerente de estudios ambientales | E88: Estudios ambientales: Desarrollar la planeación y ejecución de los estudios ambientales del proyecto a fin de cumplir las metas del proyecto en HSEC, tiempo, costos y calidad, cumpliendo los estándares, requisitos legales Colombianos y mejores prácticas internacionales, incluido estandares IFC, a fin de viabilizar el proyecto ante diferentes partes interesadas, en especial el gobierno Colombiano, Cuando las circunstancias hagan improbable el logro de este resultado deberá informar a su gerente a tiempo para tomar medidas adaptativas o correctivas. Concept study /PFS Report: Desarrollar el capítulo ambiental de los reportes del CS y PFS del proyecto. Asegurar la implementación, establecimiento y seguimiento de los objetivos, metas e indicadores y reportes de los estudios ambientales del proyecto para cumplir con las metas de PFS y FS del proyecto. Línea base - EIA: Especificar el nivel de detalle requerido de la ingeniería requerida para el EIA, para cada una de las disciplinas - FEED. Definir los criterios ambientales que deben ser incorporados en los diseños (E Design Criteria y asegurar su inclusión). Planeación y desarrollo de los estudios de línea base. Planeación y desarrollo estudio de impacto ambiental. Coordinar los temas de drenaje ácido de roca para el PLC. | G88: 41306 | H88: 42356 | I88: =(H88-G88)/365 -> 2.8767123
A89: =A88+1 -> 6 | B89: Plan de Manejo Ambiental de la explotación de oro de filón Mina Tolda Fría | C89: GEOTEC INGENIERIA LTDA | D89: Geólogo | E89: No describen las actividades realizadas | G89: 40821 | H89: 40860
A90: =A89+1 -> 7 | B90: Oleoducto Bicentenario de Colombia OBC | C90: INGECIA LTDA. | D90: Geólogo especialista en geotecnia | E90: No describen las actividades realizadas | G90: 40694 | H90: 40820
A91: =A90+1 -> 8 | B91: Proyecto Metapetroleum | C91: GEOINGENIERIA S.A. | D91: Geólogo | E91: Desarrollar la fase de campo para describir las unidades dentro del componente geosférico, Elaborar el texto correspondiente a línea base ambiental (Numeral 3 de HI -TER-02) para el componente Geosférico correspondientes a Geología, Geornorfología y Geotecnia del área de influencia Directa e Indirecta del Proyecto, Generación de planos de Geología, Geomorfología, Zonificación geotécnica y pendientes para las áreas de influencia Directa e Indirecta del proyecto, Participación en capítulos de evaluación de impactos y zonificación ambiental y de manejo, Definición de medidas ambientales - Elaboración de Fichas de Manejo Ambiental componente Geosférico, Elaboración de Fichas de Seguimiento y Monitoreo Ambiental en componente Proyecto Metapetroleum | G91: 39855 | H91: 39939 | I91: =(H91-G91)/365 -> 0.23013699
A92: =A91+1 -> 9 | B92: Explotación de material de arrastre del río Tocaría BAH- 161 de BP Exploration Company | C92: GEOTEC INGENIERIA LTDA | D92: Geólogo | E92: Actualización del PTI quinquenal y elaboración de informes anuales del año 2003 a 2008 de la concesión para la explotación de material de arrastre del río Tocaría BAH-161 de BP Exploration Company | G92: 39723 | H92: 39751 | I92: =(H92-G92)/365 -> 0.076712329
A93: =A92+1 -> 10 | B93: Estudio de componente hidrogeologico. | C93: PETROTESTING COLOMBIA S.A | D93: Consultor | E93: Generar el mapa de geologia, geomorfologia y zonificacion geotecnica | G93: 39569 | H93: 39675 | I93: =(H93-G93)/365 -> 0.29041096
A94: =A93+1 -> 11 | B94: Mina Guacamaya | C94: CEMENTOS ARGOS S.A. | D94: Consultor | E94: No describen las actividades realizadas | G94: 39517 | H94: 39568
A95: =A94+1 -> 12 | B95: minas de caliza Nisperal, Loma China, El Triunfo, Sierra Vieja y Las Pavas | C95: CEMENTOS ARGOS S.A. | D95: Consultor | E95: No describen las actividades realizadas | G95: 39418 | H95: 39516
A96: =A95+1 -> 13 | B96: Concesión Minera de Carbón 4676 | C96: CEMENTOS ARGOS S.A. | D96: Consultor | E96: No describen las actividades realizadas | G96: 39328 | H96: 39414
A97: =A96+1 -> 14 | B97: Concesión Minera de Materiales de Construcción EIJ-151 | C97: CEMENTOS ARGOS S.A. | D97: Consultor | E97: No describen las actividades realizadas | G97: 39268 | H97: 39327
A98: =A97+1 -> 15 | B98: Titulo Minero 082-68 de Material de Arrastre en el río Chicamocha | C98: CEMENTOS ARGOS S.A. | D98: Consultor | E98: No describen las actividades realizadas | G98: 39264 | H98: 39267
A99: =A98+1 -> 16 | B99: Cartilla ambiental para la gestión del sector minero - canteras de Bogotá | C99: DEPARTAMENTO TÉCNICO ADMINISTRATIVO DEL MEDIO AMBIENTE - DAMA | D99: Asesor | E99: Elaborar y divulgar una cartilla ambiental para la gestión del sector minero - canteras de Bogotá, con la descripción, especificaciones y demás condiciones establecidas en el capítulo 2 de los Términos de Referencia. | G99: 37281 | H99: 37424 | I99: =(H99-G99)/365 -> 0.39178082
A100: =A99+1 -> 17 | B100: Explotación de materiales para construcción | C100: Corporación Autónoma Regional del Guavio - CORPOGUAVIO | D100: Geólogo | E100: Realizar el estudio para ubicar y cualificar el nivel de prefactibilidad de los sitios que desde el punto de vista geológico y ambiental son aptos para la explotación de materiales para construcción con excepción de los materiales arcillosos, existentes en los municipios de Ubalá B, Medina, Fómeque y Junín. | G100: 37166 | H100: 37280 | I100: =(H100-G100)/365 -> 0.31232877
A101: =A100+1 -> 18 | B101: Programa sísmico Pachaquiaro 30, cuenca de los llanos orientales | C101: GEOINGENIERIA LTDA. | D101: Asesor en geología | E101: Asesor en geología desarrollando específicamente la caracterización del área a nivel geológico, geomorfológico y geotécnico, zonificación ambiental y elaboración de manual de sísmica para el desarrollo del plan de manejo ambiental para el programa sísmico Pachaquiaro 30, cuenca de los llanos orientales, de acuerdo al contrato de prestación de servicios No. Gl-092-2001-20. | G101: 37075 | H101: 37124 | I101: =(H101-G101)/365 -> 0.13424658
A102: =A101+1 -> 19 | B102: Geología, Geomorfología y Geotecnia | C102: HIDROMECANICAS LTDA. | D102: Consultor | E102: Geología, Geomorfología y aplicación de sistemas de información geográfica del estudio "Diseños constructivos para a ejecución del Plan de Manejo Ambiental del Sistema Río Blanco " para la empresa de acueducto y alcantarillado de Bogotá. | G102: 36896 | H102: 37006 | I102: =(H102-G102)/365 -> 0.30136986
A104: DOCUMENTOS REQUERIDOS COMO SOPORTE | D104: APORTADO | E104: ARCHIVO | F104: OBSERVACIONES
...

Sheet REQUISITOS- RH UNAL
A1: ='RESUMEN HABILITANTES TÉC'!A1 -> MINISTERIO DE MINAS Y ENERGÍA
A2: ='RESUMEN HABILITANTES TÉC'!A3 -> CONCURSO DE MERITOS CM-06-2020
A3: ='RESUMEN HABILITANTES TÉC'!A4 -> VERIFICACION REQUISITOS HABILITANTES TÉCNICOS
A4: ='RESUMEN HABILITANTES TÉC'!D9 -> 3.5 FORMACIÓN ACADÉMICA Y EXPERIENCIA DEL EQUIPO DE TRABAJO
A6: PROPONENTE | D6: UNIVERSIDAD NACIONAL DE COLOMBIA
A7: REQUISITO
A8: ITEM | B8: CANTIDAD | C8: CARGO | D8: FORMACIÓN ACADÉMICA | E8: CÓDIGO CINE | F8: TÍTULO | G8: EXPERIENCIA PROFESIONAL GENERAL Y RELACIONADA
A9: 1 | B9: 1 | C9: Director del Proyecto Dedicación: 50% | D9: Profesional con titulo de postgrado | E9: Para profesional: 655, 656, 665, 666 Para nivel de postgrado: especialización o maestría: 747, 748, 757, 758, 767, 768. Doctorado:844, 854, 864 | F9: Profesión: Ingeniería de minas y metalurgia, ingeniería de minas. Postgrado: En la modalidad de Especialización o Maestría o Doctorado en Gerencia de proyectos o gerencia de operaciones o Ingeniería de Minas o Gerencia de Producción y Operación o gerencia para medio ambiente o administración de empresas o evaluación de proyectos o evaluación y gerencia de proyectos o ingeniería ambiental y energética o evaluación y desarrollo de proyectos o gerencia ambiental o ingeniería de calidad y el comportamiento o Gestión de Proyectos o Gerencia de Proyectos de Ingeniería o Gerencia de Proyectos de Ingeniería. | G9: Experiencia profesional:10 años en el sector minero. Experiencia relacionada mínima de cinco (5) años en Dirección y/o Coordinación y/o Gerente de proyectos para el sector minero, cuyo objeto u obligaciones comprenda la actividad minera del desarrollo y/o implementación de buenas prácticas en la actividad minera y/o mejoramiento de procesos de esta industria y/o desarrollo, optimización y/o garantización de los procesos operativos en el sector minero y/o planeación y/o programación minera y/o técnicas de optimización de producción.
A10: EVALUACIÓN DE CUMPLIMIENTO
A11: ACREDITACIÓN REQUISITOS ACADEMICOS
A12: NOMBRE | C12: JUAN EUGENIO MONSALVE OLIVEROS | F12: CÉDULA DE CIUDADANÍA | G12: 8459122
A13: TITULO PROFESIONAL | C13: INGENIERO DE MINAS Y METALURGIA | D13: TARJETA PROFESIONAL | E13: 0525639906ANT | F13: FECHA DE EXPEDICIÓN | G13: 33465
A14: TITULO POSGRADO | C14: ESPECIALISTA EN ADMINISTRACION DE EMPRESAS | E14: CÓDIGO CINE | F14: N/A
A15: DOCUMENTOS REQUERIDOS COMO SOPORTE | D15: APORTADO | E15: ARCHIVO | F15: OBSERVACIONES
A16: Cédula de ciudadanía | D16: SI | E16: EXP EQUIPO DE TRABAJO pdf, Pag 5 | F16: - El recurso humano cumple con los requisitos académicos requeridos dentro del presente proceso.
A17: Diploma de grado profesional o Acta de grado | D17: SI | E17: EXP EQUIPO DE TRABAJO pdf, Pag 8
A18: Diploma especialización | D18: SI | E18: EXP EQUIPO DE TRABAJO pdf, Pag 9 a la 14
A19: Tarjeta profesional | D19: SI | E19: EXP EQUIPO DE TRABAJO pdf, Pag 6 y 7
A20: Carta de compromiso firmada | D20: SI | E20: EXP EQUIPO DE TRABAJO pdf, Pag 2 | F20: FORMACIÓN ACADÉMICA ACREDITADA
A21: ACREDITACIÓN EXPERIENCIA GENERAL Y ESPECIFICA
A22: No. | B22: NOMBRE DEL PROYECTO | C22: ENTIDAD CONTRATANTE O EMPLEADORA | D22: CARGO OCUPADO | E22: FUNCIONES DESEMPEÑADAS | G22: FECHA DE INICIO | H22: FECHA DE RETIRO | I22: EXPERIENCIA (Años)
A23: 1 | C23: CEMENTOS ARGOS S.A. | D23: INGENIERO PRODUCCION MINA PLANTA CAIRO | E23: Responsabilidades generales: Supervisar y controlar el proceso de explotación en cantera, mediante el manejo y la gestión de recursos humanos y maquinaria, para garantizar la mayor eficiencia en la extracción del mineral y la calidad del mismo. Responsabilidades especificas: - Supervisión y control de operaciones en la cantera. - Administración y gestión de personal a cargo siguiendo la misión y valores de la empresa. - Elaboración de informes de control de calidad y de operación. - Gestión de maquinaria y recursos para la correcta explotación del mineral. | G23: 35164 | H23: 37621 | I23: =(H23-G23)/365 -> 6.7315068
A24: 2 | C24: CEMENTOS ARGOS S.A. | D24: GERENTE PLANTA CAIRO | E24: Responsabilidades generales: Contribuir en la maximización del valor del negocio, optimización y mejoramiento de proceso mediante la identificación y el análisis de opciones de explotación y recuperación del recurso minero desde el punto de vista técnico, operativo y económico y recomendar su implementación a la Gerencia Operativa. Objetivo realizado a través de la supervisión de las actividades de Planeación Minera y de la interacción con otras superintendencias y departamentos de la organización Responsabilidades generales: - Elaboración del Plan Minero de Operaciones del año respectivo y asegurar su cumplimiento e implementación. - Elaboración del Plan Minero de Mejoramiento y Presupuesto - Evaluación de alternativas para maximizar la recuperación económica del depósito, mejoramiento de procesos industriales e implementación de prácticas de explotación más eficientes y sostenibles. - Evaluación, pronóstico y recomendación de inversiones mayores del capital minero (Equipos e infraestructura). - Comunicación de los resultados de evaluaciones técnicas del cargo a la gerencia operativa - Entrenamiento de ingenieros y técnicos en técnicas de Planeación minera, evaluación económica del recurso minero, implementación de buenas prácticas y técnicas informáticas aplicadas a la industria mineral. - Desarrollo y administración de personal profesional a su cargo con la misión y valores de la empresa. | G24: 38718 | H24: 39325 | I24: =(H24-G24)/365 -> 1.6630137
A25: 3 | C25: CEMENTOS ARGOS S.A. | D25: GERENTE PLANTA SOGAMOSO | E25: Responsabilidades generales: Contribuir en la maximización del valor del negocio, optimización y mejoramiento de proceso mediante la identificación y el análisis de opciones de explotación y recuperación del recurso minero desde el punto de vista técnico, operativo y económico y recomendar su implementación a la Gerencia Operativa. Objetivo realizado a través de la supervisión de las actividades de Planeación Minera y de la interacción con otras superintendencias y departamentos de la organización Responsabilidades generales: - Elaboración del Plan Minero de Operaciones del año respectivo y asegurar su cumplimiento e implementación. - Elaboración del Plan Minero de Mejoramiento y Presupuesto - Evaluación de alternativas para maximizar la recuperación económica del depósito, mejoramiento de procesos industriales e implementación de prácticas de explotación más eficientes y sostenibles. - Evaluación, pronóstico y recomendación de inversiones mayores del capital minero (Equipos e infraestructura). - Comunicación de los resultados de evaluaciones técnicas del cargo a la gerencia operativa - Entrenamiento de ingenieros y técnicos en técnicas de Planeación minera, evaluación económica del recurso minero, implementación de buenas prácticas y técnicas informáticas aplicadas a la industria mineral. - Desarrollo y administración de personal profesional a su cargo con la misión y valores de la empresa. | G25: 39326 | H25: 39447 | I25: =(H25-G25)/365 -> 0.33150685
A26: 4 | C26: CEMENTOS ARGOS S.A. | D26: GERENTE PLANTA RIOCLARO | E26: Responsabilidades generales: Contribuir en la maximización del valor del negocio, optimización y mejoramiento de proceso mediante la identificación y el análisis de opciones de explotación y recuperación del recurso minero desde el punto de vista técnico, operativo y económico y recomendar su implementación a la Gerencia Operativa. Objetivo realizado a través de la supervisión de las actividades de Planeación Minera y de la interacción con otras superintendencias y departamentos de la organización Responsabilidades generales: - Elaboración del Plan Minero de Operaciones del año respectivo y asegurar su cumplimiento e implementación. - Elaboración del Plan Minero de Mejoramiento y Presupuesto - Evaluación de alternativas para maximizar la recuperación económica del depósito, mejoramiento de procesos industriales e implementación de prácticas de explotación más eficientes y sostenibles. - Evaluación, pronóstico y recomendación de inversiones mayores del capital minero (Equipos e infraestructura). - Comunicación de los resultados de evaluaciones técnicas del cargo a la gerencia operativa - Entrenamiento de ingenieros y técnicos en técnicas de Planeación minera, evaluación económica del recurso minero, implementación de buenas prácticas y técnicas informáticas aplicadas a la industria mineral. - Desarrollo y administración de personal profesional a su cargo con la misión y valores de la empresa. | G26: 41609 | H26: 42735 | I26: =(H26-G26)/365 -> 3.0849315
A27: DOCUMENTOS REQUERIDOS COMO SOPORTE | D27: APORTADO | E27: ARCHIVO | F27: OBSERVACIONES
A28: Certificación laboral | D28: SI | E28: EXP EQUIPO DE TRABAJO pdf, Pag 20 | F28: La información allegada en el período de subsanación, luego de su revisión, permite concluir que el profesional cumple con los requisitos establecidos en el pliego en cuanto a experiencia solicitada.
A29: Registro en Anexo Técnico 10 | D29: SI | E29: 1,0 ANEXO 10 EXP EQUIPO DE TRABAJO hoja 1 Excel
A30: TIEMPO TOTAL DE EXPERIENCIA ACREDITADA (AÑOS) | E30: =SUM(I23:I26) -> 11.810959 | F30: CUMPLE
A32: REQUISITO
A33: ITEM | B33: CANTIDAD | C33: CARGO | D33: FORMACIÓN ACADÉMICA | E33: CÓDIGO CINE | F33: TÍTULO | G33: EXPERIENCIA PROFESIONAL GENERAL Y RELACIONADA
A34: 2 | B34: 1 | C34: Profesional en minería Dedicación:100% | D34: Profesional con titulo | E34: Para profesional: 655, 656, 665, 666 Para nivel de postgrado: especialización o maestría: 747, 748, 757, 758, 767, 768. Doctorado:844, 854, 864 | F34: Profesión: Ingeniería de minas y metalurgia o ingeniería de minas o Ingeniería Metalúrgica. | G34: Experiencia profesional: 7 años en el sector minero. Experiencia profesional relacionada mínima de tres (3) años en procesos de presas y relaves y/o desechos minerales asociados a proyectos mineros y/o investigaciones relacionadas con procesos de presas y relaves y/o desechos minerales
A35: EVALUACIÓN DE CUMPLIMIENTO
A36: ACREDITACIÓN REQUISITOS ACADEMICOS
A37: NOMBRE | C37: FERNANDO ARTURO ERAZO LOZANO | F37: CÉDULA DE CIUDADANÍA | G37: 71723902
A38: TITULO PROFESIONAL | C38: INGENIERO DE MINAS Y METALURGIA | D38: TARJETA PROFESIONAL | E38: 05256099650ANT | F38: FECHA DE EXPEDICIÓN | G38: 37854
A39: TITULO POSGRADO | E39: CÓDIGO CINE | F39: N/A
A40: DOCUMENTOS REQUERIDOS COMO SOPORTE | D40: APORTADO | E40: ARCHIVO | F40: OBSERVACIONES
A41: Cédula de ciudadanía | D41: SI | E41: PDF | F41: - El recurso humano cumple con el requisito requerido dentro del presente proceso, luego de revisar la información allegada en el período de subsanación.
A42: Diploma de grado profesional o Acta de grado | D42: SI | E42: EXP EQUIPO DE TRABAJO pdf, Pag 27
A43: Tarjeta profesional | D43: SI | E43: EXP EQUIPO DE TRABAJO pdf, Pag 28
A44: Carta de compromiso firmada | D44: SI | E44: EXP EQUIPO DE TRABAJO pdf, Pag 22 | F44: FORMACIÓN ACADÉMICA ACREDITADA
A45: ACREDITACIÓN EXPERIENCIA ESPECÍFICA MÍNIMA
A46: No. | B46: NOMBRE DEL PROYECTO | C46: ENTIDAD CONTRATANTE O EMPLEADORA | D46: CARGO OCUPADO | E46: FUNCIONES DESEMPEÑADAS | G46: FECHA DE INICIO | H46: FECHA DE RETIRO | I46: EXPERIENCIA (Años)
A47: 2 | C47: MINERIA EL ROBLE S.A. MINER S.A. | D47: SUPERINTENDNTE DE PROYECTOS | E47: - Dirección y control de proyectos de infraestructura en el recrecimiento de la presa de relaves No 4 en sistema Terramesh (Inversión aprox USD$1.0MM), Finalización de construcción y puesta en operación del proyecto Molino SAG (Inversión aprox USD$2.0MM), Inicio proyecto de depósito de relave filtrado No 5 y Filtro cerámico para deshidratación de relaves (inversión aprox para el 2020; USD$3.8MM). Inicio de pruebas industriales para la inclusión de relaves en el sistema de Relleno Detrítico Cementado (RDC), para alcanzar resistencias de 4MPa según necesidades de la explotación minera. | G47: 43605 | H47: 44028 | I47: =(H47-G47)/365 -> 1.1589041
A48: 4 | C48: MINERIA EL ROBLE S.A. MINER S.A. | D48: CONTRATO DE PRESTACION DE SERVICIOS | E48: - Evaluación deslizamiento sector norte presa No 3. Diseño filtros control de nivel freático e instrumentación de taludes. - Programación y ejecución de realce No 2 de la presa de relaves No 3. Apoyo en la construcción y montaje de la planta de trituración gruesa nivel 2000 y apoyos bandas transportadoras. Estudio de variables construcción presas de relaves. | G48: 37970 | H48: 38946 | I48: =(H48-G48)/365 -> 2.6739726
A49: 5 | C49: MINERIA EL ROBLE S.A. MINER S.A. | D49: CONTRATO DE PRESTACION DE SERVICIOS | E49: - Programación realce No 3 presa de relaves No 3. Diseño y construcción ampliación presa de relaves No 1. Evaluación funcionamiento planta de trituración gruesa Nivel 2000 ajuste variables operativas. Evaluación de repuestos de importación mandil alimentador, trituradora primaria y elevador de canjilones para consecución de respuestas a nivel nacional. Diseño de circuito trituración y molienda para planta de beneficio minerales metálicos para 50ton/hora. | G49: 38961 | H49: 39245 | I49: =(H49-G49)/365 -> 0.77808219
A50: 6 | C50: MINERIA EL ROBLE S.A. MINER S.A. | D50: CONTRATO DE PRESTACION DE SERVICIOS | E50: - Estudio recuperación de piritas de relaves de flotación, ensayos en planta de beneficio. Diseño y programación de realce No 4 No 5 y No 6 presa de relaves No 3. Diseño y puesta en operación sistema de bandas transportadoras nivel 2000. Evaluación Técnica-Ambiental- contingencia Presa Auxiliar, presa de relaves No 1; recuperación y puesta en operación. Seguimiento instalación Bascula de Banda sección Molienda Gruesa. Ubicación áreas para construcción presa de relaves No 4. | G50: 39692 | H50: 40637 | I50: =(H50-G50)/365 -> 2.5890411
A51: DOCUMENTOS REQUERIDOS COMO SOPORTE | D51: APORTADO | E51: ARCHIVO | F51: OBSERVACIONES
A52: Certificación laboral | D52: SI | E52: EXP EQUIPO DE TRABAJO pdf, Pag 32 A LA 36 | F52: La información allegada, luego de su revisión, permite concluir que lal profesional cumple con los requisitos establecidos en el pliego en cuanto a formación académica, título académico y experiencia solicitada.
A53: Registro en Anexo Técnico 10 | D53: SI | E53: 1,0 ANEXO 10 EXP EQUIPO DE TRABAJO hoja 2 Excel
A54: TIEMPO TOTAL DE EXPERIENCIA ACREDITADA (AÑOS) | E54: =SUM(I47:I50) -> 7.2 | F54: CUMPLE
A56: REQUISITO
A57: ITEM | B57: CANTIDAD | C57: CARGO | D57: FORMACIÓN ACADÉMICA | E57: CÓDIGO CINE | F57: TÍTULO | G57: EXPERIENCIA PROFESIONAL GENERAL Y RELACIONADA
A58: 3 | B58: 1 | C58: Profesional en geología Dedicación:100% | D58: Profesional con titulo | E58: Para profesional: 655, 656, 665, 666 Para nivel de postgrado: especialización o maestría: 747, 748, 757, 758, 767, 768 Doctorado:844, 854, 864. | F58: Profesión: Geología o ingeniería de geología o Ingeniería geológica o ingeniería civil o Ingeniería geotécnica | G58: Experiencia profesional: 5 años en el sector minero. Experiencia mínima de tres (3) años asociados a la aplicación de geotecnia y/o estabilidad de taludes.
A59: EVALUACIÓN DE CUMPLIMIENTO
A60: ACREDITACIÓN REQUISITOS ACADEMICOS
A61: NOMBRE | C61: OSWALDO ORDOÑEZ CARMONA | F61: CÉDULA DE CIUDADANÍA | G61: 98496818
A62: TITULO PROFESIONAL | C62: GEOLOGO | D62: TARJETA PROFESIONAL | E62: 1303 | F62: FECHA DE EXPEDICIÓN | G62: 34386
A63: TITULO POSGRADO | E63: CÓDIGO CINE | F63: N/A
A64: DOCUMENTOS REQUERIDOS COMO SOPORTE | D64: APORTADO | E64: ARCHIVO | F64: OBSERVACIONES
A65: Cédula de ciudadanía | D65: SI | E65: EXP EQUIPO DE TRABAJO pdf, Pag 59 | F65: - El recurso humano cumple con los requisitos académicos requeridos dentro del presente proceso.
A66: Diploma de grado profesional o Acta de grado | D66: SI | E66: EXP EQUIPO DE TRABAJO pdf, Pag 61
A67: Tarjeta profesional | D67: SI | E67: EXP EQUIPO DE TRABAJO pdf, Pag62 y63
A68: Carta de compromiso firmada | D68: SI | E68: EXP EQUIPO DE TRABAJO pdf, Pag 38 | F68: FORMACIÓN ACADÉMICA ACREDITADA
A69: ACREDITACIÓN EXPERIENCIA ESPECÍFICA MÍNIMA
A70: No. | B70: NOMBRE DEL PROYECTO | C70: ENTIDAD CONTRATANTE O EMPLEADORA | D70: CARGO OCUPADO | E70: FUNCIONES DESEMPEÑADAS | G70: FECHA DE INICIO | H70: FECHA DE RETIRO | I70: EXPERIENCIA (Años)
A71: 1 | B71: Desarrollo de proyectos hidroeléctricos, viales y ambientales durante sus diferentes etapas de prefactibilidad, factibilidad y diseño | C71: Integral S.A. | D71: Geólogo | E71: Enestos proyectos desarrollo las siguientes actividades:Caracterización geológica y geotécnica de macizos rocosos +Análisis de estabilidad de taludes en proyectos viales +Cartografía geológica, geomorfológica y geotécnica +Zonificación geológico-geotécnica +Descripción de exploraciones del subsuelo +Estudios de movimientos en masa, inundaciones y procesos morfodinámicos | G71: 34386 | H71: 36177 | I71: =(H71-G71)/365 -> 4.9068493
A72: =A71+1 -> 2 | B72: Consultoría en geomecánica de yacimientos de Ecopetrol (campo Cupiagua) -Ecopetrol | C72: Universidad Nacional | D72: Coordinador y asesor en geología | E72: Actividades de cartografía geológica-estructural, modelamiento geológico, cálculo de recursos y reservas, elaboración de Programas deTrabajos y Obras (PTO), diagnósticos ambientales, concertación con comunidades, capacitaciones técnico-jurídicas. | G72: 37575 | H72: 37894
A73: =A72+1 -> 3 | B73: proyectos principalmente hidroeléctricos, viales y ambientales, en sus diferentes etapas de prefactibilidad, factibilidad y diseño | C73: Solingral Ltda | D73: Asesor en geología | E73: Evaluación de reservas de yacimientos minerales  Estudios de suelos con descripción de perforaciones  Estudios geológicos y geotécnicos para obras de infraestructura en sus diferentes fases  Cartografía geológica, geomorfológica y geotécnica  Zonificación geológico-geotécnica | G73: 38513 | H73: 38698 | I73: =(H73-G73)/365 -> 0.50684932
A74: =A73+1 -> 4 | B74: Caracterización de mecanismos de rutura del macizo rocoso en el corredor vial Valle de Aburrá - Río Cauca:DIME | C74: Universidad Nacional | D74: Director | E74: Actividades de cartografía geológica-estructural, modelamiento geológico, cálculo de recursos y reservas, elaboración de Programas deTrabajos y Obras (PTO), diagnósticos ambientales, concertación con comunidades, capacitaciones técnico-jurídicas, entre otras en los siguientes proyectos de extensión, investigación o como perito geólogo o de ingeniería. | G74: 39346 | H74: 39502
A75: =A74+1 -> 5 | B75: Carcterización y análisis de esfuerzos en macizos rocos en la Cordillera Central de Colombia. DIME | C75: Universidad Nacional | D75: Director | E75: Actividades de cartografía geológica-estructural, modelamiento geológico, cálculo de recursos y reservas, elaboración de Programas deTrabajos y Obras (PTO), diagnósticos ambientales, concertación con comunidades, capacitaciones técnico-jurídicas, entre otras en los siguientes proyectos de extensión, investigación o como perito geólogo o de ingeniería. | G75: 39346 | H75: 39706
A76: =A75+1 -> 6 | B76: Modelación y simulación aplicadas al estudio de factibilidad de falsos túneles en el corredor vial Valle de Aburrá - Cauca. DIME | C76: Universidad Nacional | D76: Director | E76: Actividades de cartografía geológica-estructural, modelamiento geológico, cálculo de recursos y reservas, elaboración de Programas deTrabajos y Obras (PTO), diagnósticos ambientales, concertación con comunidades, capacitaciones técnico-jurídicas, entre otras en los siguientes proyectos de extensión, investigación o como perito geólogo o de ingeniería. | G76: 39503 | H76: 40343
A77: =A76+1 -> 7 | B77: Carcterización geotécnica de la vía marginal del Cauca. DIME | C77: Universidad Nacional | D77: Director | E77: Actividades de cartografía geológica-estructural, modelamiento geológico, cálculo de recursos y reservas, elaboración de Programas deTrabajos y Obras (PTO), diagnósticos ambientales, concertación con comunidades, capacitaciones técnico-jurídicas, entre otras en los siguientes proyectos de extensión, investigación o como perito geólogo o de ingeniería. | G77: 40074 | H77: 40464
A78: =A77+1 -> 8 | B78: Fortalecimiento empresarial de proyectos en zonas mineras de grupos étnicos-MME | C78: Universidad Nacional | D78: Coordinador y Asesor en Geología | E78: Actividades de cartografía geológica-estructural, modelamiento geológico, cálculo de recursos y reservas, elaboración de Programas deTrabajos y Obras (PTO), diagnósticos ambientales, concertación con comunidades, capacitaciones técnico-jurídicas, entre otras en los siguientes proyectos de extensión, investigación o como perito geólogo o de ingeniería. | G78: 39643 | H78: 41273 | I78: =(H78-G78)/365 -> 4.4657534
A79: =A78+1 -> 9 | B79: Convenio de cooperación interinstitucional: Desarrollar las competencias técnicas y emprendedoras en los grupos humanos vinculados a la minería de pequeña y mediana escala, con el fin de contribuir a la materialización de la política de mejoramiento de la productividad y competitividad del sector minero colombiano y el bienestar de las comunidades ubicadas en las zonas de influencia minera-SENA-MME-UNAL. | C79: Universidad Nacional | D79: Coordinador y Asesor en geología | E79: Actividades de cartografía geológica-estructural, modelamiento geológico, cálculo de recursos y reservas, elaboración de Programas deTrabajos y Obras (PTO), diagnósticos ambientales, concertación con comunidades, capacitaciones técnico-jurídicas, entre otras en los siguientes proyectos de extensión, investigación o como perito geólogo o de ingeniería. | G79: 39833 | H79: 40193
A80: =A79+1 -> 10 | B80: Diseño e implementación de un nuevo modelo empresarial para la minería de materiales de construcción del municipio de Medellín. – Estudio de Caso y Aplicación Corregimiento Altavista | C80: Universidad Nacional | D80: Coordinador y Asesor en geología | E80: Actividades de cartografía geológica-estructural, modelamiento geológico, cálculo de recursos y reservas, elaboración de Programas deTrabajos y Obras (PTO), diagnósticos ambientales, concertación con comunidades, capacitaciones técnico-jurídicas, entre otras en los siguientes proyectos de extensión, investigación o como perito geólogo o de ingeniería. | G80: 40194 | H80: 40468
A81: =A80+1 -> 11 | B81: Identificación y caracterización de potencialidades mineras en la zona centro del departamento del Cesar. Gobernación del Cesar | C81: Universidad Nacional | D81: Coordinador | E81: Actividades de cartografía geológica-estructural, modelamiento geológico, cálculo de recursos y reservas, elaboración de Programas deTrabajos y Obras (PTO), diagnósticos ambientales, concertación con comunidades, capacitaciones técnico-jurídicas, entre otras en los siguientes proyectos de extensión, investigación o como perito geólogo o de ingeniería. | G81: 40469 | H81: 40495
A82: =A81+1 -> 12 | B82: Monitoreo de Atmósferas Explosivas Subterráneas en Minería de Carbón, Distrito Minero de Amagá - Antioquia, Colombia | C82: Universidad Nacional | D82: Director | E82: Actividades de cartografía geológica-estructural, modelamiento geológico, cálculo de recursos y reservas, elaboración de Programas deTrabajos y Obras (PTO), diagnósticos ambientales, concertación con comunidades, capacitaciones técnico-jurídicas, entre otras en los siguientes proyectos de extensión, investigación o como perito geólogo o de ingeniería. | G82: 40496 | H82: 40908
A83: =A82+1 -> 13 | B83: Estimación, cuantificación y valoración de títulos mineros y minas mecanizadas en el Área de Utilidad Pública del proyecto Hidroeléctrico Ituango. EPM | C83: Universidad Nacional | D83: Coordinador | E83: Actividades de cartografía geológica-estructural, modelamiento geológico, cálculo de recursos y reservas, elaboración de Programas deTrabajos y Obras (PTO), diagnósticos ambientales, concertación con comunidades, capacitaciones técnico-jurídicas, entre otras en los siguientes proyectos de extensión, investigación o como perito geólogo o de ingeniería. | G83: 40909 | H83: 41139
A84: =A83+1 -> 14 | B84: Monitoreo de Atmósferas Explosivas Subterráneas en Minería de Carbón, Distrito Minero del Norte de Boyacá. | C84: Universidad Nacional | D84: Director | E84: Actividades de cartografía geológica-estructural, modelamiento geológico, cálculo de recursos y reservas, elaboración de Programas deTrabajos y Obras (PTO), diagnósticos ambientales, concertación con comunidades, capacitaciones técnico-jurídicas, entre otras en los siguientes proyectos de extensión, investigación o como perito geólogo o de ingeniería. | G84: 41274 | H84: 41279 | I84: =(H84-G84)/365 -> 0.01369863
A85: =A84+1 -> 15 | B85: Delimitación de zonas mineras indígenas en el Territorio Nacional. MME | C85: Universidad Nacional | D85: Coordinador | E85: Actividades de cartografía geológica-estructural, modelamiento geológico, cálculo de recursos y reservas, elaboración de Programas deTrabajos y Obras (PTO), diagnósticos ambientales, concertación con comunidades, capacitaciones técnico-jurídicas, entre otras en los siguientes proyectos de extensión, investigación o como perito geólogo o de ingeniería. | G85: 41280 | H85: 41425 | I85: =(H85-G85)/365 -> 0.39726027
A86: =A85+1 -> 16 | B86: Análisis de diseño vial de la vía que comunica los municipios de Santa Rosa de Osos y Entrerrios a la altura del sector El Basurero en el departamento de Antioquia. Carlos Mario González | C86: Universidad Nacional | D86: Director | E86: Actividades de cartografía geológica-estructural, modelamiento geológico, cálculo de recursos y reservas, elaboración de Programas deTrabajos y Obras (PTO), diagnósticos ambientales, concertación con comunidades, capacitaciones técnico-jurídicas, entre otras en los siguientes proyectos de extensión, investigación o como perito geólogo o de ingeniería. | G86: 41439 | H86: 41469
A87: =A86+1 -> 17 | B87: Identificación, análisis y evaluación de riesgos asociados a la actividad minera aurífera en los municipios de Segovia y Remedios del departamento de Antioquia-SECMINAS ANTIOQUIA | C87: Universidad Nacional | D87: Director | E87: Actividades de cartografía geológica-estructural, modelamiento geológico, cálculo de recursos y reservas, elaboración de Programas deTrabajos y Obras (PTO), diagnósticos ambientales, concertación con comunidades, capacitaciones técnico-jurídicas, entre otras en los siguientes proyectos de extensión, investigación o como perito geólogo o de ingeniería. | G87: 41502 | H87: 41683 | I87: =(H87-G87)/365 -> 0.49589041
A88: =A87+1 -> 18 | B88: Consultoría para realizar actividades de asistencia y acompañamiento para la legalización de unidades mineras del departamento de Antioquia - Secretaria de Minas del departamento de Antioquia | C88: Universidad Nacional | D88: Director | E88: Actividades de cartografía geológica-estructural, modelamiento geológico, cálculo de recursos y reservas, elaboración de Programas deTrabajos y Obras (PTO), diagnósticos ambientales, concertación con comunidades, capacitaciones técnico-jurídicas, entre otras en los siguientes proyectos de extensión, investigación o como perito geólogo o de ingeniería. | G88: 41751 | H88: 42062 | I88: =(H88-G88)/365 -> 0.85205479
A89: =A88+1 -> 19 | B89: Consultoría para realizar actividades de asistencia y acompañamiento para la formalización de unidades mineras del Departamento de Antioquia | C89: Universidad Nacional | D89: Director | E89: Actividades de cartografía geológica-estructural, modelamiento geológico, cálculo de recursos y reservas, elaboración de Programas deTrabajos y Obras (PTO), diagnósticos ambientales, concertación con comunidades, capacitaciones técnico-jurídicas, entre otras en los siguientes proyectos de extensión, investigación o como perito geólogo o de ingeniería. | G89: 42063 | H89: 42271 | I89: =(H89-G89)/365 -> 0.56986301
A90: =A89+1 -> 20 | B90: Identificación, análisis y evaluación de riesgos asociados a la actividad minera titulada de oro en el municipio de Marmato, Caldas-MME | C90: Universidad Nacional | D90: Director | E90: Actividades de cartografía geológica-estructural, modelamiento geológico, cálculo de recursos y reservas, elaboración de Programas deTrabajos y Obras (PTO), diagnósticos ambientales, concertación con comunidades, capacitaciones técnico-jurídicas, entre otras en los siguientes proyectos de extensión, investigación o como perito geólogo o de ingeniería. | G90: 42311 | H90: 42554 | I90: =(H90-G90)/365 -> 0.66575342
A91: =A90+1 -> 21 | B91: Establecer estrategias de mejoramiento del programa de formalización minera para lograr altos niveles de eficiencia técnico- Económica-UPME | C91: Universidad Nacional | D91: Director | E91: Actividades de cartografía geológica-estructural, modelamiento geológico, cálculo de recursos y reservas, elaboración de Programas deTrabajos y Obras (PTO), diagnósticos ambientales, concertación con comunidades, capacitaciones técnico-jurídicas, entre otras en los siguientes proyectos de extensión, investigación o como perito geólogo o de ingeniería. | G91: 42555 | H91: 42903 | I91: =(H91-G91)/365 -> 0.95342466
A92: =A91+1 -> 22 | B92: Evaluación y concepto técnico de las afectaciones que se presentan al interior del apartamenteo 9943 de la torre 1 de la urbanización ciudadela del valle, municipio de ItuaguiJose Wilson García | C92: Universidad Nacional | D92: Director | E92: Actividades de cartografía geológica-estructural, modelamiento geológico, cálculo de recursos y reservas, elaboración de Programas deTrabajos y Obras (PTO), diagnósticos ambientales, concertación con comunidades, capacitaciones técnico-jurídicas, entre otras en los siguientes proyectos de extensión, investigación o como perito geólogo o de ingeniería. | G92: 42904 | H92: 42998
A93: =A92+1 -> 23 | B93: Diseñar, planear y elaborar un aplicativo móvil que sirva como instrumento de captura para el programa de formalización minera-MME | C93: Universidad Nacional | D93: Director | E93: Actividades de cartografía geológica-estructural, modelamiento geológico, cálculo de recursos y reservas, elaboración de Programas deTrabajos y Obras (PTO), diagnósticos ambientales, concertación con comunidades, capacitaciones técnico-jurídicas, entre otras en los siguientes proyectos de extensión, investigación o como perito geólogo o de ingeniería. | G93: 42948 | H93: 43100 | I93: =(H93-G93)/365 -> 0.41643836
A94: =A93+1 -> 24 | B94: Realizar el levantamiento de una línea base de áreas afectadas por actividades mineras en estado de abandono (AMEA)-Fundación MSI | C94: Universidad Nacional | D94: Director | E94: En la certificación no describen las actividades. | G94: 42922 | H94: 43220
A95: =A94+1 -> 25 | B95: Elaborar un concepto técnico sobre el "estudio de identificación de impactos reales y potenciales y medidas de mitigación y/o compensación por parte de miraflores compañía minera frente a la parcialidad emberá Karambá"-Miraflores compañía minera S.A.S | C95: Universidad Nacional | D95: Director | E95: En la certificación no describen las actividades. | G95: 43116 | H95: 43175
A96: =A95+1 -> 26 | B96: Determinar si es técnica y econpomicamente viable desarrollar un proyecto minero en el area de contrato de concesión og2-081510 presentada por la señora Natalia Nohaba, en el evento que fuese ptorgada por la secretaría de Minas de la Gobernación de Antioquia-Gramalote Colombia Limited | C96: Universidad Nacional | D96: Director | E96: En la certificación no describen las actividades. | G96: 43067 | H96: 43159
A97: =A96+1 -> 27 | B97: La caracterización de las unidades de producción minera que se encuentran desarrollando su actividad en los municipios priorizados de los departamentos de Huila, Boyacá, Caldas, Santander, Norte De Santander, Córdoba, Risaralda, Nariño y putumayo, en el marco de la política de formalización minera del país. MME | C97: Universidad Nacional | D97: Director | E97: En la certificación no describen las actividades. | G97: 42963 | H97: 43248
A98: =A97+1 -> 28 | B98: Propuesta técnico económica para la realización de un concepto geotécnico de torre eleéctrica-Alfarera Santa Rita | C98: Universidad Nacional | D98: Director | E98: En la certificación no describen las actividades. | G98: 43276 | H98: 43617
A99: =A98+1 -> 29 | B99: Concepto técnico para la caracterización geológica y geotécnica en la inmedicciones de la centralidad del parque de Santa Elena, sector Casa de la Cultura | C99: Universidad Nacional | D99: Director | E99: En la certificación no describen las actividades | G99: 43566 | H99: 43596
A100: DOCUMENTOS REQUERIDOS COMO SOPORTE | D100: APORTADO | E100: ARCHIVO | F100: OBSERVACIONES
A101: Certificación laboral | D101: SI | E101: EXP EQUIPO DE TRABAJO pdf, Pag 71 A LA 105 | F101: Hay traslape de tiempos en las certificaciones 8,9,10,11,12,13,14,15,19,21, presentadas; para la experiencia general solo se tuvo en cuenta el tiempo una sola vez. En las certificaciones 24,25, 26 , 27, 28, 29 presentadas por la Universidad Nacional NO hacen la descripción de actividades realizadas por el profesional; no fueron tomadas en cuenta para sumar al tiempo de la experiencia general. Para la experiencia específica se tomaron las certifciacones de las empresa Integral y Solingral. Las certificaciones 2, 4, 5, 6, 7, 16, 22 aportadas con descripcion de actividades no están relacionadas con el sector minero. La información allegada en el período de subsanación, luego de su revisión, permite concluir que el profesional cumple con los requisitos establecidos en el pliego en cuanto a experiencia solicitada.
A102: Registro en Anexo Técnico 10 | D102: SI | E102: 1,0 ANEXO 10 EXP EQUIPO DE TRABAJO hoja 3 Excel
A103: TIEMPO TOTAL DE EXPERIENCIA ACREDITADA (AÑOS) | E103: =SUM(I71:I99) -> 14.243836 | F103: CUMPLE
...

Sheet REQUISITOS-RH ATG
A1: ='RESUMEN HABILITANTES TÉC'!A1 -> MINISTERIO DE MINAS Y ENERGÍA
A2: ='RESUMEN HABILITANTES TÉC'!A3 -> CONCURSO DE MERITOS CM-06-2020
A3: ='RESUMEN HABILITANTES TÉC'!A4 -> VERIFICACION REQUISITOS HABILITANTES TÉCNICOS
A4: ='RESUMEN HABILITANTES TÉC'!D9 -> 3.5 FORMACIÓN ACADÉMICA Y EXPERIENCIA DEL EQUIPO DE TRABAJO
A6: PROPONENTE | D6: ATG LTDA ASESORIAS TECNICAS GEOLOGICAS
A7: REQUISITO
A8: ITEM | B8: CANTIDAD | C8: CARGO | D8: FORMACIÓN ACADÉMICA | E8: CÓDIGO CINE | F8: TÍTULO | G8: EXPERIENCIA PROFESIONAL GENERAL Y RELACIONADA
A9: 1 | B9: 1 | C9: Director del Proyecto Dedicación: 50% | D9: Profesional con titulo de postgrado | E9: Para profesional: 655, 656, 665, 666 Para nivel de postgrado: especialización o maestría: 747, 748, 757, 758, 767, 768. Doctorado:844, 854, 864 | F9: Profesión: Ingeniería de minas y metalurgia, ingeniería de minas. Postgrado: En la modalidad de Especialización o Maestría o Doctorado en Gerencia de proyectos o gerencia de operaciones o Ingeniería de Minas o Gerencia de Producción y Operación o gerencia para medio ambiente o administración de empresas o evaluación de proyectos o evaluación y gerencia de proyectos o ingeniería ambiental y energética o evaluación y desarrollo de proyectos o gerencia ambiental o ingeniería de calidad y el comportamiento o Gestión de Proyectos o Gerencia de Proyectos de Ingeniería o Gerencia de Proyectos de Ingeniería. | G9: Experiencia profesional:10 años en el sector minero. Experiencia relacionada mínima de cinco (5) años en Dirección y/o Coordinación y/o Gerente de proyectos para el sector minero, cuyo objeto u obligaciones comprenda la actividad minera del desarrollo y/o implementación de buenas prácticas en la actividad minera y/o mejoramiento de procesos de esta industria y/o desarrollo, optimización y/o garantización de los procesos operativos en el sector minero y/o planeación y/o programación minera y/o técnicas de optimización de producción.
A10: EVALUACIÓN DE CUMPLIMIENTO
A11: ACREDITACIÓN REQUISITOS ACADEMICOS
A12: NOMBRE | C12: OLGA MATILDE LOPEZ MARTINEZ | F12: CÉDULA DE CIUDADANÍA | G12: 48600730
A13: TITULO PROFESIONAL | C13: INGENIERO DE MINAS | D13: TARJETA PROFESIONAL | E13: 19218084490CAU | F13: FECHA DE EXPEDICIÓN | G13: 36944
A14: TITULO POSGRADO | C14: MAGISTER EN GERENCIA AMBIENTAL | E14: CÓDIGO CINE | F14: N/A
A15: DOCUMENTOS REQUERIDOS COMO SOPORTE | D15: APORTADO | E15: ARCHIVO | F15: OBSERVACIONES
A16: Cédula de ciudadanía | D16: SI | E16: ARCHIVO CERTIFICACIONES EXPERIENCIA ACADEMICA. WinRAR, EXPERIENCIA ACADEMICA DIRECTOS DE PROYECTO pdf pag 9 | F16: - El recurso humano cumple con los requisitos académicos requeridos dentro del presente proceso.
A17: Diploma de grado profesional o Acta de grado | D17: SI | E17: ARCHIVO CERTIFICACIONES EXPERIENCIA ACADEMICA. WinRAR, ARCHIVO CERTIFICACIONES EXPERIENCIA ACADEMICA pdf pag 1
A18: Diploma especialización | D18: SI | E18: ARCHIVO CERTIFICACIONES EXPERIENCIA ACADEMICA. WinRAR, ARCHIVO CERTIFICACIONES EXPERIENCIA ACADEMICA. Pdf pag. 2 y 3
A19: Tarjeta profesional | D19: SI | E19: ARCHIVO CERTIFICACIONES EXPERIENCIA ACADEMICA. WinRAR, ARCHIVO CERTIFICACIONES EXPERIENCIA ACADEMICA. Pdf Pag 8
A20: Carta de compromiso firmada | D20: SI | E20: CARTA DE COMPROMISO DE PROFESIONALES, Archivo WinRAN, Carta de compromiso Directora del proyecto. pdf Pág. 1 | F20: FORMACIÓN ACADÉMICA ACREDITADA
A21: ACREDITACIÓN EXPERIENCIA GENERAL Y ESPECIFICA
A22: No. | B22: NOMBRE DEL PROYECTO | C22: ENTIDAD CONTRATANTE O EMPLEADORA | D22: CARGO OCUPADO | E22: FUNCIONES DESEMPEÑADAS | G22: FECHA DE INICIO | H22: FECHA DE RETIRO | I22: EXPERIENCIA (Años)
A23: 1 | C23: GRAVILLERA ALBANIA S.A. | D23: Directora de Planificacion Minera y Gestion Ambiental | E23: Funciones 1- Gestión Ambiental Diseño, seguimiento e intervención del Sistema de Gestión Ambiental Análisis de indicadores de gestión Coordinación y asesoría a aprendices ambientales en los proyectos de la empresa Reportar, hacer seguimiento y dar solución a las emergencias ambientales ocurridas durante la ejecución de las actividades de la compañía Asegurar el adecuado manejo de contratistas, visitantes y proveedores Coordinar las actividades encaminadas al cumplimiento de la licencia ambiental relacionadas con los componentes suelo, aire, agua, flora, fauna, gestión social, con el fin de dar cumplimiento legal a los compromisos pactados en el Estudio de Impacto Ambiental y Plan de Manejo Ambiental en cada proyecto. Elaboración de informes ambientales de acuerdo a los compromisos asumidos a través de los documentos presentados y a la licencia ambiental entregada en cada contrato de concesión o en cada proyecto (semestral o anual). 2- Planeamiento Minero Planificar el equipo de explotación, transporte y beneficio, de tal manera que éste se encuentre operativo y en la cantidad adecuada para el proceso conforme a las necesidades de los productos requeridos por los Clientes. Planear y diseñar los depósitos de material estéril, de forma que estén abiertos y en condición de disponer los desechos de la mina y de la producción. Planear y diseñar la explotación de la mina con las condiciones de drenaje, para que en el momento de extracción del material crudo, este sea apto para el proceso Identificar los sitios que proveen material apto para la producción en cada planta Planear los sitios de acopios de agregados pétreos, de acuerdo con las normas técnicas para la conservación de los agregados. Planear la producción diaria de la mina, de tal manera que satisfaga las cantidades requeridas por los clientes. Controlar el cumplimiento de las normas de seguridad. Elaborar y presentar en las revisiones gerenciales los informes correspondientes a los procesos de planificación de la explotación, almacenamiento y preservación de agregados en acopios y entrega de productos al cliente, con el análisis de los indicadores y los correspondientes planes de mejora. Coordinación de actividades diarias, semanales encaminadas a cumplir el plan minero elaborado en el Estudio de Impacto Ambiental. Velar porque los Títulos Mineros estén al día en el cumplimiento de las obligaciones. Elaboración de formato básico minero semestral y anual para cada contrato de concesión. Liquidación pago de regalías (trimestral) para cada contrato de concesión 3- Gestión SSL Cumplir y hacer cumplir las normas y procedimientos de seguridad de la organización. Hacer uso apropiado de los elementos de seguridad y protección Participar en la investigación de accidentes de trabajo y hacer el seguimiento a las acciones establecidas para evitar la ocurrencia de estos incidentes Participar en las capacitaciones coordinadas por gestión S&SO No emprender ningún trabajo o actividad para el cual no ha sido entrenado o que pueda poner en peligro su bienestar físico, el de sus compañeros o terceros. Registrar cualquier actividad que pueda generar una condición o acto inseguro Reportar inmediatamente todo accidente o incidente que se presente 4- Gestión humana Definir las funciones, responsabilidades y autoridad del personal de su proceso. Participar en las actividades promocionadas por gestión humana (Capacitación, bienestar, clima organizacional y evaluación de desempeño) 5- Gestión Documental Conocer el procedimiento definido para el control de documentos y la estructura de archivo y liderar su implementación por parte del personal a su cargo Participar activamente en la definición de los procedimientos, instructivos y formatos de su proceso Aprobar las solicitudes de generación, modificación o eliminación de documentos, asociados a su proceso Asegurar la divulgación de la información a los trabajadores a su cargo 6- Compras Dar la información pertinente relacionada con proveedores específicos Definir los tipos de proveedores críticos de su proceso y coordinar su evaluación en cada frente de trabajo, de acuerdo con la periodicidad establecida. 7- Seguimiento y Analisis Dar trámite a las no conformidades registradas en mejoramiso y asegurar el cierre de todas las acciones Brindar comunicación oportuna de cada uno de los procedimientos, formatos, instructivos y en general los documentos del Sistema de Gestión integrado Definir y ejecutar planes de mejora o planes de acción correctivos o preventivos en sus procesos Definir e implementar los planes de acción para gestionar las solicitudes que surgen como resultado de la revisión gerencial, con relación a su proceso. Calcular los indicadores de gestión de su proceso, con la periodicidad establecida 8- Gestión de Calidad Conocer el procedimiento definido para adelantar la revisión gerencial y el control de contingencias que pueden afectar la integridad del sistema de gestión Conocer los resultados de los informes de gestión de cada frente de trabajo con relación a su proceso, y retroalimentarlos cuando sea pertinente Elaborar los informes de gestión de su proceso, de acuerdo con los lineamientos establecidos Participar en la Revisión del Sistema Integrado Participar en las reuniones gerenciales Definir los indicadores de gestión de su proceso | G23: 39324 | H23: 44026 | I23: =(H23-G23)/365 -> 12.882192
A24: DOCUMENTOS REQUERIDOS COMO SOPORTE | D24: APORTADO | E24: ARCHIVO | F24: OBSERVACIONES
A25: Certificación laboral | D25: SI | E25: CERTIFICADOS EXPERIENCIA PROFESIONAL HABILITANTE EQUIPO DE TRABAJO, WinRAR, EXPERIENCIA PROFESIONAL HABILITANTE - DIRECTO DE PROYECTO, pdf. | F25: La información allegada, luego de su revisión, permite concluir que el profesional cumple con los requisitos establecidos en el pliego en cuanto a formación académica, título académico y experiencia solicitada.
A26: Registro en Anexo Técnico 10 | D26: SI | E26: ANEXO 10 .EXPERIENCIA PROFESIONAL HABILITANTE EQUIPO DE TRABAJO, WinRAR, ANEXO 10 EXPERIENCIA PROFESIONAL HABILITANTE director de proyecto pdf
A27: TIEMPO TOTAL DE EXPERIENCIA ACREDITADA (AÑOS) | E27: =SUM(I23) -> 12.882192 | F27: CUMPLE
A29: REQUISITO
A30: ITEM | B30: CANTIDAD | C30: CARGO | D30: FORMACIÓN ACADÉMICA | E30: CÓDIGO CINE | F30: TÍTULO | G30: EXPERIENCIA PROFESIONAL GENERAL Y RELACIONADA
A31: 2 | B31: 1 | C31: Profesional en minería Dedicación:100% | D31: Profesional con titulo | E31: Para profesional: 655, 656, 665, 666 Para nivel de postgrado: especialización o maestría: 747, 748, 757, 758, 767, 768. Doctorado:844, 854, 864 | F31: Profesión: Ingeniería de minas y metalurgia o ingeniería de minas o Ingeniería Metalúrgica. | G31: Experiencia profesional: 7 años en el sector minero. Experiencia profesional relacionada mínima de tres (3) años en procesos de presas y relaves y/o desechos minerales asociados a proyectos mineros y/o investigaciones relacionadas con procesos de presas y relaves y/o desechos minerales
A32: EVALUACIÓN DE CUMPLIMIENTO
A33: ACREDITACIÓN REQUISITOS ACADEMICOS
A34: NOMBRE | C34: RUBER TEHERAN GUZMAN | F34: CÉDULA DE CIUDADANÍA | G34: 9530542
A35: TITULO PROFESIONAL | C35: INGENIERO EN MINAS | D35: TARJETA PROFESIONAL | E35: 15218-51793 | F35: FECHA DE EXPEDICIÓN | G35: 34564
A36: TITULO POSGRADO | E36: CÓDIGO CINE | F36: N/A
A37: DOCUMENTOS REQUERIDOS COMO SOPORTE | D37: APORTADO | E37: ARCHIVO | F37: OBSERVACIONES
A38: Cédula de ciudadanía | D38: SI | E38: CERTIFICACIONES EXPERIENCIA ACADEMICA, WinRAR, EXPERIENCIA ACADEMICA PROFESIONAL EN MINERIA. Pdf Pag 9 | F38: - El recurso humano cumple con los requisitos académicos requeridos dentro del presente proceso.
A39: Diploma de grado profesional o Acta de grado | D39: SI | E39: CERTIFICACIONES EXPERIENCIA ACADEMICA, WinRAR, EXPERIENCIA ACADEMICA PROFESIONAL EN MINERIA. Pdf Pag 1
A40: Tarjeta profesional | D40: SI | E40: CERTIFICACIONES EXPERIENCIA ACADEMICA, WinRAR, EXPERIENCIA ACADEMICA PROFESIONAL EN MINERIA. Pdf Pag 4
A41: Carta de compromiso firmada | D41: SI | E41: CARTAS DE COMPROMISO DE PROFESIONALES, Archivo WinRAN, Carta de compromiso Profesional Mineria. pdf Pág. 1 | F41: FORMACIÓN ACADÉMICA ACREDITADA
A42: ACREDITACIÓN EXPERIENCIA ESPECÍFICA MÍNIMA
A43: No. | B43: NOMBRE DEL PROYECTO | C43: ENTIDAD CONTRATANTE O EMPLEADORA | D43: CARGO OCUPADO | E43: FUNCIONES DESEMPEÑADAS | G43: FECHA DE INICIO | H43: FECHA DE RETIRO | I43: EXPERIENCIA (Años)
A44: 1 | C44: TRITURADOS RIO GRANDE S.A.S. | D44: Director de Obra | E44: el desarrollo y planeamiento minero y suministro de materiales y derivados del río, y el diseño de control de botaderos de material estéril y manejo de desechos sólidos de minería; el material es comercializado para suministro en diferentes sectores del municipio de Aguazul y la región. | G44: 42019 | H44: 44012 | I44: =(H44-G44)/365 -> 5.460274
A45: 2 | C45: EL CONSORCIO HGC | D45: INGENIERO DE MINAS NO PIN en el Contrato Nª 2122052 con FONADE | E45: 1- Efectuar el estudio Tecnico de los expedientes contentivos de titulos mineros, para realizar los tramites correspondientes a: -Evaluacion documental - Inspeccion de campo - Fiscalizacion integral 2- Elaborar la evaluaciondocumental de los contratos e identificar los tramites pendientes y el cumplimiento de los compromisos Tecnicos definidos legal y contractualmente. 3-Prepara , Asistrir y Realizar las inspecciones tecnicas de seguimiento y control en las areas de los titulos mineros, y elaborar los informes correspondientes. 4- Facilitr la informacion para la formulacion de formatos e informes requeridos 5- Rendir informes, procesar lainformacion nesesaria y producir estadisticas que respondan a la naturaleza de sus funciones. 6- Efectuar las actividades establecidas por el jefe asignado, de acuerdo con el nivel, naturaleza y el area de desempeño a cargo. | G45: 41298 | H45: 41962 | I45: =(H45-G45)/365 -> 1.8191781
A46: 3 | C46: JAIRO PAEREZ AVELLA S.A. | D46: Ingeniero Supervisor de las labores de explotacion | E46: En lla certificación no relacionanactividades | G46: 34564 | H46: 35295
A47: DOCUMENTOS REQUERIDOS COMO SOPORTE | D47: APORTADO | E47: ARCHIVO | F47: OBSERVACIONES
A48: Certificaciones Laborales | D48: SI | E48: CERTIFICADOS EXPERIENCIA PROFESIONAL HABILITANTE EQUIPO DE TRABAJO, WinRAR, EXPERIENCIA PROFESIONAL HABILITANTE - PROFESIONAL EN MINERIA, pdf. | F48: Se tomaron las fechas dadas en las certificaciones. La certificación allegada de la empresa Jairo Paerez Avella S.A. no relaciona las actividades; no se tuvo en cuenta para la experiencia habilitante. La información allegada, luego de su revisión, permite concluir que el profesional cumple con los requisitos establecidos en el pliego en cuanto a formación académica, título académico y experiencia solicitada.
A49: Registro en Anexo Técnico 10 | E49: ANEXO 10 .EXPERIENCIA PROFESIONAL HABILITANTE EQUIPO DE TRABAJO, WinRAR, ANEXO 10 EXPERIENCIA PROFESIONAL HABILITANTE PROFESIONAL EN mineria pdf
A50: TIEMPO TOTAL DE EXPERIENCIA ACREDITADA (AÑOS) | E50: =SUM(I44:I46) -> 7.2794521 | F50: CUMPLE
A52: REQUISITO
A53: ITEM | B53: CANTIDAD | C53: CARGO | D53: FORMACIÓN ACADÉMICA | E53: CÓDIGO CINE | F53: TÍTULO | G53: EXPERIENCIA PROFESIONAL GENERAL Y RELACIONADA
A54: 3 | B54: 1 | C54: Profesional en geología Dedicación:100% | D54: Profesional con titulo | E54: Para profesional: 655, 656, 665, 666 Para nivel de postgrado: especialización o maestría: 747, 748, 757, 758, 767, 768 Doctorado:844, 854, 864. | F54: Profesión: Geología o ingeniería de geología o Ingeniería geológica o ingeniería civil o Ingeniería geotécnica | G54: Experiencia profesional: 5 años en el sector minero. Experiencia mínima de tres (3) años asociados a la aplicación de geotecnia y/o estabilidad de taludes.
A55: EVALUACIÓN DE CUMPLIMIENTO
A56: ACREDITACIÓN REQUISITOS ACADEMICOS
A57: NOMBRE | C57: RAFAEL HERNANDO RINCON TORRES | F57: CÉDULA DE CIUDADANÍA | G57: 19304286
A58: TITULO PROFESIONAL | C58: GEOLOGO | D58: TARJETA PROFESIONAL | E58: 440 | F58: FECHA DE EXPEDICIÓN | G58: 31852
A59: TITULO POSGRADO | E59: CÓDIGO CINE | F59: N/A
A60: DOCUMENTOS REQUERIDOS COMO SOPORTE | D60: APORTADO | E60: ARCHIVO | F60: OBSERVACIONES
A61: Cédula de ciudadanía | D61: SI | E61: CERTIFICACIONES EXPERIENCIA ACADEMICA, WinRAR, EXPERIENCIA ACADEMICA PROFESIONAL DE GEOLOGIA. Pdf Pag 9 y 10 | F61: - El recurso humano cumple con los requisitos académicos requeridos dentro del presente proceso.
A62: Diploma de grado profesional o Acta de grado | D62: SI | E62: CERTIFICACIONES EXPERIENCIA ACADEMICA, WinRAR, EXPERIENCIA ACADEMICA PROFESIONAL DE GEOLOGIA. Pdf Pag 1
A63: Tarjeta profesional | D63: SI | E63: CERTIFICACIONES EXPERIENCIA ACADEMICA, WinRAR, EXPERIENCIA ACADEMICA PROFESIONAL DE GEOLOGIA. Pdf Pag 7 y 8
A64: Carta de compromiso firmada | D64: SI | E64: ARTAS DE COMPROMISO DE PROFESIONALES, Archivo WinRAN, Carta de compromiso Profesional enGeologia, pdf Pág. 1 | F64: FORMACIÓN ACADÉMICA ACREDITADA
A65: ACREDITACIÓN EXPERIENCIA ESPECÍFICA MÍNIMA
A66: No. | B66: NOMBRE DEL PROYECTO | C66: ENTIDAD CONTRATANTE O EMPLEADORA | D66: CARGO OCUPADO | E66: FUNCIONES DESEMPEÑADAS | G66: FECHA DE INICIO | H66: FECHA DE RETIRO | I66: EXPERIENCIA (Años)
A67: 1 | C67: CEMEX COLOMBIA S.A | D67: 1- Geologo exploracion 2- Geologo Produccion 3- coordinador de materias primas zona norte 4- Gerente planeacion minera y ambiental | E67: Geólogo Exploración - Exploración geológica para minería. Junio 1 de 1987 – 1994. Funciones: • Coordinación y ejecución de todas las actividades técnicas necesarias para realizar la evaluación geológica completa de yacimientos minerales sedimentarios y su empleo como materia prima para la fabricación de cemento: (Fotogeología – Cartografía geológica – Determinación malla de perforación – ejecución de la campaña de perforación – muestreos geoquímicos – Cálculos estadísticos –mapas de contornos estructurales – Cuantificación de Recursos geológicos medidos. Algunos proyectos con periodos simultáneos de ejecución. Yacimientos Evaluados: o Yacimiento calcáreo de Chocolatal (Páramo de Palacios, Municipio de Guasca, Cundinamarca, Junio 1987 – junio 1990). o Mina La Esperanza, Evaluación geológico minera de las Calizas Bloque de B. (Municipio La Calera, Cundinamarca, Junio 1987 – Junio 1989). o Calizas de Moniquirá (Boyacá) Exploración de las licencias TRES ESQUINAS, No. 11968 y MONJAS. 1000 hás. Agosto 1989 – febrero 1992. o Evaluación geológica – minera de las Puzolanas (tobas volcánicas) de la Mina El Guarruz. Marzo de 1992 – Septiembre 1992. • Coordinación de la exploración geológico – minera, en escala 1: 10.000. En las áreas de los municipios de Arcabuco (Boyacá), La Granja – Sucre (Santander), Calizas del Páramo de Sumapaz (Cundinamarca – Meta). • Coordinación administrativa y técnica del área de perforación, incluye el recurso humano y equipos de perforación en rocas y suelos. • Administración Técnica de títulos mineros. Incluye: informes de Exploración Geológica, Planes de Trabajos e Inversiones PTI, Planes de Trabajo y Obras PTO. Geológo Producción: 1995 – 1998. Funciones: • Coordinación de la actualización y seguimiento geológico minero y geoquímico de los yacimientos en operación minera: o Mina de caliza La Esperanza (La Calera, Cund). Mina de Caliza La Popa (La Calera, Cund). Mina de Puzolana El Guarruz (Paipa, Boyacá), Mina de Hierro Pericos (Guasca, Cund) y Mina de Caliza El Porvenir (Moniquirá, Boyaca) • Dirección de la Evaluación geológico minera de las calizas del municipio del Dorado (Meta). Cartografía detallada esc: 1.1000. Geoquímica. Modelo Geológico y posibilidades mineras: Licencias de Exploración No. 12267, 20017,20018. • Coordinación administrativo y técnica del área de perforación para exploración – geológica , incluye el recurso humano y equipos de perforación en rocas y suelos. • Dirección de la Exploración geológica minera de calizas medias y bajas en un radio de 100 Km, con centro la Planta de Clinker la Esperanza. Municipios: Une, Chipaqué, Ubaqué, La Calera, Guasca, Guatequé, Gachalá, Ubalá, Alto del Trigo, Villeta, Tobia, Nimamay, Sasaima, Guayabal de Siquima, Viani, Paime, Pacho, La Vega. • Evaluación geológica y minera de minas de caliza de proveedores de caliza para fabricación de Cemento en la región de Monjas, Firabitova, Corrales y Tibasosa (dpto. Boyacá). • Administración Técnica de títulos mineros ubicados en los departamentos en Cundinamarca y Boyacá. Incluye: informes de Exploración Geológica, Planes de Trabajos e Inversiones PTI, Planes de Trabajo y Obras PTO. • Coordinación y ejecución de estudios geotécnicos y seguimiento de las escombreras y minas de Cemex ubicadas en los Departamentos de Cundinamarca y Boyacá. Coordinador de Materias Primas. Zona Norte. 1.999 – Marzo de 2009 Funciones: • Coordinación de los estudios geológico minero y caracterización geoquímica en las áreas de los títulos mineros ubicados en los Departamentos de Santander y Norte de Santander. • Coordinación de los estudios ambientales y ejecución ambiental en las áreas los títulos mineros y minas localizados en los Departamentos de Santander y Norte de Santander. En norte Santander: minas de Caliza El Suspiro, mina Palogordo , Mina de Arcilla, Mina de caliza La Salina. En Santander: mina de caliza Suratá, mina de yeso en subterráneo La Nacuma y mina de yeso en subterráneo Las Juntas (Los Santos, Sant.). • Coordinación de los estudios ambientales y ejecución de las plantas de cementos Planta Bucaramanga (Santander) y Planta Cúcuta (Norte de Santander). • Dirección de la administración Técnica de títulos mineros ubicados en los departamentos en Santander y Norte de Santander. Incluye: informes de Exploración Geológica, Planes de Trabajos e Inversiones PTI, Planes de Trabajo y Obras PTO. • Coordinación y ejecución de estudios geotécnicos y seguimiento de las escombreras y minas en los Departamentos de Norte de Santander y Santander. • Estudio de Estabilidad de la Mina de caliza de Cemex Colombia S.A. (Payande, Tolima). Gran Minería. • Inventario de Minas de Carbón en los municipios de Bochalema, Cúcuta, Los Patios, Cornejo y Zulia, con objeto de determinar las fuentes de combustible para el horno de Planta Cúcuta de Cemex Colombia S.A. 2003. • Elaboración e implementación de los Planes de Manejo Ambiental de las Plantas de Cemento de Cemex Colombia S.A,: Planta Bucaramanga y Planta Cúcuta. • Interventor técnico y administrativo de los Contratos de Explotación en operación minera en Norte de Santander, mina caliza el Suspiro y Palogordo y mina de carbón La Argelia. En Santander:mina de caliza Suratá y yeso mina La Nacuma. Gerente Planeación Minera y Ambiental. Abril 2009 –Junio de 2011 Funciones: • Dirección y ejecución de labores de estabilización del deslizamiento (2.5 millones de Metros cúbicos) en Mina Tunjuelo, Bogotá D.C., Entre éstas la exploración geológica para la actualización del modelo geológico y geotécnico. • Planeación y elaboración de diseños geotécnicos mineros y planes de explotación para reapertura de la mina. Seguimiento al plan de explotación. • Evaluación geológica – minera, estudio sedimentológico y Geotécnico Preliminar y Diseño Minero de la mina Apulo (Cund) para la extracción de Agregados Pétreos en las Terrazas aluviales del río Bogotá. • Administración Técnica de títulos mineros. Incluye: informes de Exploración Geológica, Planes de Trabajo y Obras PTO. | G67: 36525 | H67: 39873 | I67: =(H67-G67)/365 -> 9.1726027
A68: DOCUMENTOS REQUERIDOS COMO SOPORTE | D68: APORTADO | E68: ARCHIVO | F68: OBSERVACIONES
A69: Certificación laboral | D69: SI | E69: CERTIFICADOS EXPERIENCIA PROFESIONAL HABILITANTE EQUIPO DE TRABAJO, WinRAR, EXPERIENCIA PROFESIONAL HABILITANTE - PROFESIONAL EN GEOLOGIA, pdf. | F69: La información allegada, luego de su revisión, permite concluir que el profesional cumple con los requisitos establecidos en el pliego en cuanto a formación académica, título académico y experiencia solicitada.
A70: Registro en Anexo Técnico 10 | D70: SI | E70: ANEXO 10 .EXPERIENCIA PROFESIONAL HABILITANTE EQUIPO DE TRABAJO, WinRAR, ANEXO 10 EXPERIENCIA PROFESIONAL HABILITANTE PROFESIONAL EN GEOLOGIA pdf
A71: TIEMPO TOTAL DE EXPERIENCIA ACREDITADA (AÑOS) | E71: =SUM(I66:I67) -> 9.1726027 | F71: CUMPLE
A72: REQUISITO
A73: ITEM | B73: CANTIDAD | C73: CARGO | D73: FORMACIÓN ACADÉMICA | E73: CÓDIGO CINE | F73: TÍTULO | G73: EXPERIENCIA PROFESIONAL GENERAL Y RELACIONADA
A74: 4 | B74: 1 | C74: Profesional ambiental Dedicación:100% | D74: Profesional con titulo | E74: Para profesional: 655, 656, 665, 666 Para nivel de postgrado: especialización o maestría: 747, 748, 757, 758, 767, 768 Doctorado:844, 854, 864. | F74: Profesión: Ingeniería Ambiental o Ingeniería Química o Ingeniería Sanitaria o Ingeniería Ambiental y Sanitaria,o Ingeniería Ambiental y de Saneamiento | G74: Experiencia profesional: 5 años en el sector minero. Experiencia mínima de tres (3) años en procesos de drenajes ácidos y en disposición de residuos asociados a la actividad minera y/o el manejo de residuos y aguas industriales y/o residuos peligrosos y/o planes de manejo ambiental de proyectos mineros (Incluidos materiales de construcción y cerámicos) y/o evaluación de pasivos ambientales mineros
A75: EVALUACIÓN DE CUMPLIMIENTO
A76: ACREDITACIÓN REQUISITOS ACADEMICOS
A77: NOMBRE | C77: PAOLA ANDREA MARTINEZ AGUDELO | F77: CÉDULA DE CIUDADANÍA | G77: 53117501
A78: TITULO PROFESIONAL | C78: INGENIERO AMBIENTAL | D78: TARJETA PROFESIONAL | E78: 25238148802CND | F78: FECHA DE EXPEDICIÓN | G78: 39415
A79: TITULO POSGRADO | E79: CÓDIGO CINE | F79: N/A
A80: DOCUMENTOS REQUERIDOS COMO SOPORTE | D80: APORTADO | E80: ARCHIVO | F80: OBSERVACIONES
A81: Cédula de ciudadanía | D81: SI | E81: CERTIFICACIONES EXPERIENCIA ACADEMICA, WinRAR, EXPERIENCIA ACADEMICA PROFESIONAL AMBIENTAL. Pdf Pag 7 | F81: - El recurso humano cumple con los requisitos académicos requeridos dentro del presente proceso.
A82: Diploma de grado profesional o Acta de grado | D82: SI | E82: CERTIFICACIONES EXPERIENCIA ACADEMICA, WinRAR, EXPERIENCIA ACADEMICA PROFESIONAL AMBIENTAL. Pdf Pag 1
A83: Tarjeta profesional | D83: SI | E83: CERTIFICACIONES EXPERIENCIA ACADEMICA, WinRAR, EXPERIENCIA ACADEMICA PROFESIONAL AMBIENTAL. Pdf Pag 5 y 6
A84: Carta de compromiso firmada | D84: SI | E84: CARTAS DE COMPROMISO DE PROFESIONALES, Archivo WinRAN, Carta de compromiso Profesional Ambiental. pdf Pág. 1 | F84: CERTIFICACION ACADEMICA CERTIFICADA
A85: ACREDITACIÓN EXPERIENCIA ESPECÍFICA MÍNIMA
A86: No. | B86: NOMBRE DEL PROYECTO | C86: ENTIDAD CONTRATANTE O EMPLEADORA | D86: CARGO OCUPADO | E86: FUNCIONES DESEMPEÑADAS | G86: FECHA DE INICIO | H86: FECHA DE RETIRO | I86: EXPERIENCIA (Años)
A87: 1 | C87: CONAGRE S.A.S. TRITURADOS, ARENAS Y GRAVAS | D87: DIRECTORA DE GESTION AMBIENTAL | E87: FUNCIONES: 1. Cumplimiento de los lineamientos y requerimientos del Plan de Manejo Ambiental. El Director de Gestión Ambiental con base en los requerimientos del Plan de Manejo Ambiental, realiza mensualmente el seguimiento del cumplimiento de las metas allí establecidas y elabora los indicadores de implementación del Plan de Manejo Ambiental. 2. Cumplimiento de los requerimientos ambientales generales realizados por el titular minero. El Director de Gestión Ambiental con base en los requerimientos del Titular Minero, realiza y entrega la información de carácter ambiental y/o minera solicitada. 3. Cumplimientos de los requerimientos realizados por las Autoridades Ambientales y Mineras Competentes. El Director de Gestión Ambiental con base en los requerimientos de las Autoridades Ambientales y/o Mineras competentes, realiza y la información de carácter ambiental solicitada por las autoridades. 4. Cumplimiento de los requerimientos y/o consultas generales realizadas por los procesos del Sistema de Gestión de Calidad (SGC). El Director de Gestión Ambiental apoya los procesos del SGC, con el fin de que éstos sean desarrollados cumpliendo con la normatividad ambiental vigente y previniendo la contaminación, teniendo como base criterios de Desarrollo Sostenible. Requerimientos Proceso de Recursos Humanos  El Director de Gestión Ambiental debe realizar la inducción a todo el personal administrativo, operativo y/o contratista nuevo, que ingrese a desarrollar trabajos a las instalaciones de la planta con el fin de darles a conocer los lineamientos del proceso y la descripción de los impactos ambientales generados por las funciones específicas a realizar en el cargo.  El Director de Gestión Ambiental debe realizar el levantamiento de necesidades de capacitación para el personal administrativo y operativo, teniendo en cuenta los resultados de las evaluaciones de desempeño, los requerimientos de las áreas, un cambio organizativo o tecnológico que afecte los procesos de trabajo, los movimientos del personal, los resultados de las revisiones de los procesos y de las acciones correctivas, una nueva legislación o directivas que afecten los procesos.  Según las necesidades de capacitación se plantea el plan de capacitación del Departamento de Gestión Ambiental, en el cual se establecen los temas que deben ser abordados en las capacitaciones para el personal de acuerdo con las necesidades de cada área. Requerimientos Proceso de Explotación El Director de Gestión Ambiental debe velar por el cumplimiento en este proceso de los siguientes programas del Plan de Manejo Ambiental:  Programa de Emisiones Atmosféricas: Mantenimiento y análisis de opacidad a la maquinaria; Riego de vías.  Programa de Residuos Sólidos: Mantenimiento de vías, Transporte interno de Materiales Estériles.  Programa Manejo de Aguas: Cunetas, análisis de pH, ST y SSED.  Programa Protección de Ecosistemas: Disposición de suelos en banco de suelos.  Programa de Restitución Morfológica. Requerimientos Proceso de Beneficio El Director de Gestión Ambiental debe velar por el cumplimiento en este proceso de los siguientes programas del Plan de Manejo Ambiental:  Programa Manejo de Aguas: Volumen de agua bombeada, Control de fugas de aguas de proceso.  Programa Emisiones Atmosféricas: Mitigación de los niveles de presión sonora (ruido por emisión); Mitigación en la emisión de material particulado.  Programa de Residuos Sólidos: Disposición de estériles; Limpieza de piso y estructura de planta de beneficio, Manejo de colas de beneficio. Requerimientos Proceso de Comercialización El Director de Gestión Ambiental debe velar por el cumplimiento en este proceso de los siguientes programas del Plan de Manejo Ambiental:  Programa de Emisiones Atmosféricas: Mantenimiento y análisis de opacidad a la maquinaria; Riego de vías; Mantenimiento lavador de llantas y vía.  Programa de Residuos Sólidos: Mantenimiento de vías.  Programa Manejo de Aguas: Recirculación de agua. Requerimientos Proceso de Mantenimiento El Director de Gestión Ambiental debe velar por el cumplimiento en este proceso de los siguientes programas del Plan de Manejo Ambiental:  Programa de Residuos Sólidos: Manejo y disposición de residuos sólidos.  Programa de Emisiones Atmosféricas: Análisis de opacidad a la maquinaria, mantenimiento de vías.  Programa de Manejo de Aguas: Manejo de aguas residuales industriales y domésticas. | G87: 39419 | H87: 41670 | I87: =(H87-G87)/365 -> 6.1671233
A89: REQUISITO
A90: Certificación laboral | D90: SI | E90: CERTIFICADOS EXPERIENCIA PROFESIONAL HABILITANTE EQUIPO DE TRABAJO, WinRAR, EXPERIENCIA PROFESIONAL HABILITANTE - PROFESIONAL AMBIENTAL, pdf. | F90: La información allegada, luego de su revisión, permite concluir que el profesional cumple con los requisitos establecidos en el pliego en cuanto a formación académica, título académico y experiencia solicitada.
A91: Registro en Anexo Técnico 10 | D91: SI | E91: ANEXO 10 .EXPERIENCIA PROFESIONAL HABILITANTE EQUIPO DE TRABAJO, WinRAR, ANEXO 10 EXPERIENCIA PROFESIONAL HABILITANTE PROFESIONAL AMBIENTAL pdf
A92: TIEMPO TOTAL DE EXPERIENCIA ACREDITADA (AÑOS) | E92: =SUM(I87:I87) -> 6.1671233 | F92: CUMPLE
